Workbook
Name Basededatos1: #REF!

Sheet Presupuesto 2026
B3: Servicios recibidos por delegatura y demás áreas año 2025
B4: Concepto | C4: UNIDADES
C5: Delegatura de Puertos | D5: Delegatura Concesiones e infraestructura | E5: Delegatura Tránsito y transporte | F5: Delegatura para la Protección de Usuarios | G5: Demás áreas de la entidad | H5: Total
B6: 1-CONTROL INTERNO:
B7: No. de auditorías programadas (Cantidades) | C7: 1 | D7: 1 | E7: 1 | F7: 0 | G7: 205 | H7: =SUM(C7:G7) -> 208
B8: No. de auditorías realizadas (Cantidades) | C8: 1 | D8: 1 | E8: 1 | F8: 0 | G8: 205 | H8: =SUM(C8:G8) -> 208
B9: 2-CONTROL INTERNO DISCIPLINARIO:
B10: No. de procesos aperturados en indagación preliminar (Cantidades) | C10: 1 | D10: 0 | E10: 13 | F10: 2 | G10: 37 | H10: =SUM(C10:G10) -> 53
B11: No. de procesos aperturados en investigación disciplinaria (Cantidades) | C11: 2 | D11: 2 | E11: 2 | F11: 0 | G11: 14 | H11: =SUM(C11:G11) -> 20
B12: No. de procesos archivados (Cantidades) | C12: 2 | D12: 0 | E12: 24 | F12: 2 | G12: 34 | H12: =SUM(C12:G12) -> 62
B13: No. de pliego de Cargos (Cantidades) | C13: 1 | D13: 0 | E13: 2 | F13: 1 | G13: 5 | H13: =SUM(C13:G13) -> 9
B14: No. de Procesos finalizados con fallos sancionatorios (Cantidades) | C14: 0 | D14: 0 | E14: 0 | F14: 0 | G14: 0 | H14: =SUM(C14:G14) -> 0
B15: No. de Procesos finalizados con fallos absolutorios (Cantidades) | C15: 0 | D15: 0 | E15: 0 | F15: 0 | G15: 0 | H15: =SUM(C15:G15) -> 0
B16: 3-DIRECCION FINANCIERA:
B17: 3.1- Recaudo (Miles de Pesos) | C17: 14425707 | D17: 24088686 | E17: 64073598 | F17: 1126842 | G17: 33970 | H17: =+SUM(C17:G17) -> 103748803
B18: 3.2-Cartera (Miles de Pesos) | C18: 2780102.1 | D18: 516416.74 | E18: 35372165 | F18: 1729394.3 | G18: 90563.136 | H18: =+SUM(C18:G18) -> 40488641
B19: 3.3-Obligaciones causadas(Cantidades) | C19: 968 | D19: 266 | E19: 9563 | F19: 13 | G19: 2 | H19: =+SUM(C19:G19) -> 10812
B20: 3.4-Cuentas de cobro (Cantidades) | C20: 363 | D20: 215 | E20: 1000 | F20: 276 | G20: 2950 | H20: =+SUM(C20:G20) -> 4804
B21: 4-OTIC | H21: =+SUM(C21:G21) -> 0
B22: 4.1-GLPI (Cantidades) | C22: 894 | D22: 478 | E22: 1655 | F22: 680 | G22: 7821 | H22: =+SUM(C22:G22) -> 11528
B23: 4.2-Firmas (Cantidades) | C23: 6 | D23: 5 | E23: 6 | F23: 6 | G23: 44 | H23: =+SUM(C23:G23) -> 67
B24: 4.3-Licenciamiento (# funcionarios) | C24: 573 | D24: 587 | E24: 935 | F24: 233 | G24: 3375 | H24: =+SUM(C24:G24) -> 5703
B25: 5-TALENTO HUMANO
B26: 5.1-Nomina (Cantidades) | C26: 23 | D26: 25 | E26: 45 | F26: 40 | G26: 110 | H26: =+SUM(C26:G26) -> 243
B27: 5.2-Comisiones (Cantidades) | C27: 114 | D27: 268 | E27: 86 | F27: 59 | G27: 244 | H27: =+SUM(C27:G27) -> 771
B28: 6-DIRECCIÓN ADMINISTRATIVA
B29: 6.1-Gestión Documental (Cantidades) | C29: 10087 | D29: 7242 | E29: 32599 | F29: 16197 | G29: 80742 | H29: =+SUM(C29:G29) -> 146867
B30: 6.2-Contratación (Cantidades) | C30: 47 | D30: 29 | E30: 109 | F30: 32 | G30: 413 | H30: =+SUM(C30:G30) -> 630
B31: 6.3-Notificaciones (Cantidades) | C31: 2 | D31: 16 | E31: 721 | F31: 15 | G31: 18980 | H31: =+SUM(C31:G31) -> 19734
B32: 6.4-Atención al Ciudadano (Cantidades) | C32: 350 | D32: 1861 | E32: 21852 | F32: 19104 | G32: 271356 | H32: =+SUM(C32:G32) -> 314523
B33: 6.5-Almacén (Miles Pesos) | C33: 93209 | D33: 79809 | E33: 297702 | F33: 211799 | G33: 18919057 | H33: =+SUM(C33:G33) -> 19601576
B34: 7-JURIDICA
B35: 7.1-Número de recursos resueltos (Cantidades) | C35: 0 | D35: 0 | E35: 0 | F35: 0 | G35: 2 | H35: =SUM(C35:G35) -> 2
B36: 7.2-Coactivo - Mandamientos de pagos expedidos (Cantidades) | C36: 140 | D36: 12 | E36: 1629 | F36: 10 | G36: 2 | H36: =SUM(C36:G36) -> 1793
B37: 8-PLANEACIÓN
B38: No. de iniciativas apropiadas en los proyectos de inversión (Cantidades) | C38: 4 | D38: 3 | E38: 2 | F38: 3 | G38: 6 | H38: =SUM(C38:G38) -> 18
B39: No. de iniciativas comprometidas en los proyectos de inversión (Cantidades) | C39: 4 | D39: 3 | E39: 2 | F39: 3 | G39: 6 | H39: =SUM(C39:G39) -> 18
B40: No. de actividades planteadas en el Plan de Acción Institucional -PAI (Cantidades) | C40: 26 | D40: 22 | E40: 13 | F40: 33 | G40: 169 | H40: =SUM(C40:G40) -> 263
B41: No. de Metas/Líneas de Acción planteadas en el Plan de Acción Institucional -PAI (Cantidades) | C41: 7 | D41: 7 | E41: 4 | F41: 8 | G41: 46 | H41: =SUM(C41:G41) -> 72
B44: Participación porcentual por delegatura y demás áreas año 2024
B45: Concepto | C45: Porcentaje
C46: Delegatura puertos | D46: Delegatura Concesiones e infraestructura | E46: Delegatura Tránsito y transporte | F46: Delegatura para la Protección de Usuarios | G46: Demás áreas de la entidad | H46: Total
B47: 1-CONTROL INTERNO:
B48: No. de auditorías programadas (Cantidades) | C48: =+C7/$H$7 -> 0.0048076923 | D48: =+D7/$H$7 -> 0.0048076923 | E48: =+E7/$H$7 -> 0.0048076923 | F48: =+F7/$H$7 -> 0 | G48: =+G7/$H$7 -> 0.98557692 | H48: =SUM(C48:G48) -> 1
B49: No. de auditorías realizadas (Cantidades) | C49: =+C8/$H$8 -> 0.0048076923 | D49: =+D8/$H$8 -> 0.0048076923 | E49: =+E8/$H$8 -> 0.0048076923 | F49: =+F8/$H$8 -> 0 | G49: =+G8/$H$8 -> 0.98557692 | H49: =SUM(C49:G49) -> 1
B50: 2-CONTROL INTERNO DISCIPLINARIO:
B51: No. de procesos aperturados en indagación preliminar (Cantidades) | C51: =+C10/$H$10 -> 0.018867925 | D51: =+D10/$H$10 -> 0 | E51: =+E10/$H$10 -> 0.24528302 | F51: =+F10/$H$10 -> 0.037735849 | G51: =+G10/$H$10 -> 0.69811321 | H51: =SUM(C51:G51) -> 1
B52: No. de procesos aperturados en investigación disciplinaria (Cantidades) | C52: =+C11/$H$11 -> 0.1 | D52: =+D11/$H$11 -> 0.1 | E52: =+E11/$H$11 -> 0.1 | F52: =+F11/$H$11 -> 0 | G52: =+G11/$H$11 -> 0.7 | H52: =SUM(C52:G52) -> 1
B53: No. de procesos archivados (Cantidades) | C53: =+C12/$H$12 -> 0.032258065 | D53: =+D12/$H$12 -> 0 | E53: =+E12/$H$12 -> 0.38709677 | F53: =+F12/$H$12 -> 0.032258065 | G53: =+G12/$H$12 -> 0.5483871 | H53: =SUM(C53:G53) -> 1
B54: No. de pliego de Cargos (Cantidades) | C54: =IFERROR(C13/$H$13,"0,0%") -> 0.11111111 | D54: =IFERROR(D13/$H$13,"0,0%") -> 0 | E54: =IFERROR(E13/$H$13,"0,0%") -> 0.22222222 | F54: =IFERROR(F13/$H$13,"0,0%") -> 0.11111111 | G54: =IFERROR(G13/$H$13,"0,0%") -> 0.55555556 | H54: =SUM(C54:G54) -> 1
B55: No. de Procesos finalizados con fallos sancionatorios (Cantidades) | C55: =IFERROR(C14/$H$14,0) -> 0 | D55: =IFERROR(D14/$H$14,0) -> 0 | E55: =IFERROR(E14/$H$14,0) -> 0 | F55: =IFERROR(F14/$H$14,0) -> 0 | G55: =IFERROR(G14/$H$14,0) -> 0 | H55: =SUM(C55:G55) -> 0 | I55: Condicional
B56: No. de Procesos finalizados con fallos absolutorios (Cantidades) | C56: =IFERROR(C15/$H$15,0) -> 0 | D56: =IFERROR(D15/$H$15,0) -> 0 | E56: =IFERROR(E15/$H$15,0) -> 0 | F56: =IFERROR(F15/$H$15,0) -> 0 | G56: =IFERROR(G15/$H$15,0) -> 0 | H56: =SUM(C56:G56) -> 0 | I56: Condicional
B57: 3-DIRECCION FINANCIERA:
B58: 3.1- Recaudo (Miles Pesos) | C58: =+C17/$H$17 -> 0.13904456 | D58: =+D17/$H$17 -> 0.23218278 | E58: =+E17/$H$17 -> 0.61758397 | F58: =+F17/$H$17 -> 0.010861253 | G58: =+G17/$H$17 -> 0.00032742546 | H58: =SUM(C58:G58) -> 1
B59: 3.2-Cartera (Miles Pesos) | C59: =+C18/$H$18 -> 0.068663755 | D59: =+D18/$H$18 -> 0.012754608 | E59: =+E18/$H$18 -> 0.87363181 | F59: =+F18/$H$18 -> 0.042713073 | G59: =+G18/$H$18 -> 0.0022367541 | H59: =SUM(C59:G59) -> 1
B60: 3.3-Obligaciones causadas(Cantidades) | C60: =+C19/$H$19 -> 0.089530152 | D60: =+D19/$H$19 -> 0.024602294 | E60: =+E19/$H$19 -> 0.88448021 | F60: =+F19/$H$19 -> 0.0012023677 | G60: =+G19/$H$19 -> 0.00018497965 | H60: =SUM(C60:G60) -> 1
B61: 3.4-Cuentas de cobro (Cantidades) | C61: =+C20/$H$20 -> 0.075562032 | D61: =+D20/$H$20 -> 0.044754371 | E61: =+E20/$H$20 -> 0.20815987 | F61: =+F20/$H$20 -> 0.057452123 | G61: =+G20/$H$20 -> 0.61407161 | H61: =SUM(C61:G61) -> 1
B62: 4-TICS
B63: 4.1-GLPI (Cantidades) | C63: =+C22/$H$22 -> 0.077550312 | D63: =+D22/$H$22 -> 0.041464261 | E63: =+E22/$H$22 -> 0.1435635 | F63: =+F22/$H$22 -> 0.058986815 | G63: =+G22/$H$22 -> 0.67843511 | H63: =SUM(C63:G63) -> 1
B64: 4.2-Firmas (Cantidades) | C64: =+C23/$H$23 -> 0.089552239 | D64: =+D23/$H$23 -> 0.074626866 | E64: =+E23/$H$23 -> 0.089552239 | F64: =+F23/$H$23 -> 0.089552239 | G64: =+G23/$H$23 -> 0.65671642 | H64: =SUM(C64:G64) -> 1
B65: 4.3-Licenciamiento (# funcionarios) | C65: =+C24/$H$24 -> 0.10047344 | D65: =+D24/$H$24 -> 0.10292828 | E65: =+E24/$H$24 -> 0.1639488 | F65: =+F24/$H$24 -> 0.04085569 | G65: =+G24/$H$24 -> 0.59179379 | H65: =SUM(C65:G65) -> 1
B66: 5-TALENTO HUMANO
B67: 5.1-Nomina (Cantidades) | C67: =+C26/$H$26 -> 0.094650206 | D67: =+D26/$H$26 -> 0.10288066 | E67: =+E26/$H$26 -> 0.18518519 | F67: =+F26/$H$26 -> 0.16460905 | G67: =+G26/$H$26 -> 0.4526749 | H67: =SUM(C67:G67) -> 1
B68: 5.2-Comisiones (Cantidades) | C68: =+C27/$H$27 -> 0.14785992 | D68: =+D27/$H$27 -> 0.34760052 | E68: =+E27/$H$27 -> 0.11154345 | F68: =+F27/$H$27 -> 0.076523995 | G68: =+G27/$H$27 -> 0.31647211 | H68: =SUM(C68:G68) -> 1
B69: 6-DIRECCIÓN ADTIVA
B70: 6.1-Gestión Documental (Cantidades) | C70: =+C29/$H$29 -> 0.068681188 | D70: =+D29/$H$29 -> 0.04930992 | E70: =+E29/$H$29 -> 0.22196273 | F70: =+F29/$H$29 -> 0.11028345 | G70: =+G29/$H$29 -> 0.54976271 | H70: =SUM(C70:G70) -> 1
B71: 6.2-Contratación (Cantidades) | C71: =+C30/$H$30 -> 0.074603175 | D71: =+D30/$H$30 -> 0.046031746 | E71: =+E30/$H$30 -> 0.17301587 | F71: =+F30/$H$30 -> 0.050793651 | G71: =+G30/$H$30 -> 0.65555556 | H71: =SUM(C71:G71) -> 1
B72: 6.3-Notificaciones (Cantidades) | C72: =+C31/$H$31 -> 0.00010134793 | D72: =+D31/$H$31 -> 0.00081078342 | E72: =+E31/$H$31 -> 0.036535928 | F72: =+F31/$H$31 -> 0.00076010946 | G72: =+G31/$H$31 -> 0.96179183 | H72: =SUM(C72:G72) -> 1
B73: 6.4-Atención al Ciudadano (Cantidades) | C73: =+C32/$H$32 -> 0.0011127962 | D73: =+D32/$H$32 -> 0.0059168964 | E73: =+E32/$H$32 -> 0.069476636 | F73: =+F32/$H$32 -> 0.060739596 | G73: =+G32/$H$32 -> 0.86275408 | H73: =SUM(C73:G73) -> 1
B74: 6.5-Almacén (Miles Pesos) | C74: =+C33/$H$33 -> 0.0047551789 | D74: =+D33/$H$33 -> 0.0040715604 | E74: =+E33/$H$33 -> 0.015187656 | F74: =+F33/$H$33 -> 0.010805203 | G74: =+G33/$H$33 -> 0.9651804 | H74: =SUM(C74:G74) -> 1
B75: 7-JURIDICA
B76: 7.1-Procesos resueltos (Cantidades) | C76: =+C35/$H$35 -> 0 | D76: =+D35/$H$35 -> 0 | E76: =+E35/$H$35 -> 0 | F76: =+F35/$H$35 -> 0 | G76: =+G35/$H$35 -> 1 | H76: =SUM(C76:G76) -> 1
B77: 7.2-Coactivo - Mandamientos de pagos expedidos (Cantidades) | C77: =+C36/$H$36 -> 0.078081428 | D77: =+D36/$H$36 -> 0.0066926938 | E77: =+E36/$H$36 -> 0.90853318 | F77: =+F36/$H$36 -> 0.0055772448 | G77: =+G36/$H$36 -> 0.001115449 | H77: =SUM(C77:G77) -> 1
B78: 8-PLANEACIÓN
B79: No. de iniciativas apropiadas en los proyectos de inversión (Cantidades) | C79: =+C38/$H$38 -> 0.22222222 | D79: =+D38/$H$38 -> 0.16666667 | E79: =+E38/$H$38 -> 0.11111111 | F79: =+F38/$H$38 -> 0.16666667 | G79: =+G38/$H$38 -> 0.33333333 | H79: =SUM(C79:G79) -> 1
B80: No. de iniciativas comprometidas en los proyectos de inversión (Cantidades) | C80: =+C39/$H$39 -> 0.22222222 | D80: =+D39/$H$39 -> 0.16666667 | E80: =+E39/$H$39 -> 0.11111111 | F80: =+F39/$H$39 -> 0.16666667 | G80: =+G39/$H$39 -> 0.33333333 | H80: =SUM(C80:G80) -> 1
B81: No. de actividades planteadas en el Plan de Acción Institucional -PAI (Cantidades) | C81: =+C40/$H$40 -> 0.098859316 | D81: =+D40/$H$40 -> 0.08365019 | E81: =+E40/$H$40 -> 0.049429658 | F81: =+F40/$H$40 -> 0.12547529 | G81: =+G40/$H$40 -> 0.64258555 | H81: =SUM(C81:G81) -> 1
B82: No. de Metas/Líneas de Acción planteadas en el Plan de Acción Institucional -PAI (Cantidades) | C82: =+C41/$H$41 -> 0.097222222 | D82: =+D41/$H$41 -> 0.097222222 | E82: =+E41/$H$41 -> 0.055555556 | F82: =+F41/$H$41 -> 0.11111111 | G82: =+G41/$H$41 -> 0.63888889 | H82: =SUM(C82:G82) -> 1
B83: PROMEDIO | C83: =SUM(C48:C82)/SUM($C$48:$G$82) -> 0.077792315 | D83: =SUM(D48:D82)/SUM($C$48:$G$82) -> 0.06617113 | E83: =SUM(E48:E82)/SUM($C$48:$G$82) -> 0.23053023 | F83: =SUM(F48:F82)/SUM($C$48:$G$82) -> 0.058951562 | G83: =SUM(G48:G82)/SUM($C$48:$G$82) -> 0.56655477 | H83: =AVERAGE(H47:H82) -> 0.92857143 | I83: Se ajusta la fórmula, dado que los valores correspondientes a los fallos absolutorios y sancionatorios son iguales a cero, lo que afectaba el cálculo y la distribución correcta del promedio entre las delegaturas.
B86: Distribución de porcentajes de las demás áreas por delegaturas año 2024
B87: Concepto | C87: Delegatura puertos | D87: Delegatura Concesiones e infraestructura | E87: Delegatura Tránsito y transporte | F87: Delegatura para la Protección de Usuarios | G87: Demás áreas de la entidad | H87: Total
B88: Suma % delegatura | C88: =+C83 -> 0.077792315 | D88: =+D83 -> 0.06617113 | E88: =+E83 -> 0.23053023 | F88: =+F83 -> 0.058951562 | H88: =SUM(C88:G88) -> 0.43344523
B89: Suma % demás áreas | G89: =+G83 -> 0.56655477 | H89: =SUM(C89:G89) -> 0.56655477
B90: % delegatura / demás áreas | C90: =+C91-C88 -> 0.10168207 | D90: =+D91-D88 -> 0.086492055 | E90: =+E91-E88 -> 0.30132526 | F90: =+F91-F88 -> 0.077055383 | H90: =SUM(C90:G90) -> 0.56655477
B91: % participación cada delegatura | C91: =+C88/$H$88 -> 0.17947438 | D91: =+D88/$H$88 -> 0.15266318 | E91: =+E88/$H$88 -> 0.53185549 | F91: =+F88/$H$88 -> 0.13600695 | H91: =SUM(C91:G91) -> 1
B94: Número de funcionarios y contratistas año 2026
B95: Concepto | C95: Unidades
C96: Delegatura puertos | D96: Delegatura Concesiones e infraestructura | E96: Delegatura Tránsito y transporte | F96: Delegatura para la Protección de Usuarios | G96: Demás áreas de la entidad | H96: Total
B97: Número de funcionarios | C97: 21 | D97: 23 | E97: 47 | F97: 42 | G97: 98 | H97: =SUM(C97:G97) -> 231
B98: Número de contratistas | C98: 50 | D98: 46 | E98: 106 | F98: 21 | G98: 465 | H98: =SUM(C98:G98) -> 688
B99: Totales funcionarios mas contratistas | C99: =+SUM(C97:C98) -> 71 | D99: =+SUM(D97:D98) -> 69 | E99: =+SUM(E97:E98) -> 153 | F99: =+SUM(F97:F98) -> 63 | G99: =+SUM(G97:G98) -> 563 | H99: =SUM(H97:H98) -> 919
B102: Cálculos para la distribución del presupuesto año 2026
B104: Distribución del presupuesto año 2026 aplicando presupuesto asignado para cada delegatura (cifras en miles cop)
B105: Concepto | C105: Delegatura puertos | D105: Delegatura Concesiones e infraestructura | E105: Delegatura Tránsito y transporte | F105: Delegatura para la Protección de Usuarios | G105: Demás áreas de la entidad | H105: Total
B106: Nómina | C106: 3252967 | D106: 3503195 | E106: 6881275 | F106: 5880363 | G106: 15514148 | H106: =SUM(C106:G106) -> 35031948
B107: Contratos Prestación Servicios | C107: 0 | D107: 0 | E107: 0 | F107: 0 | G107: 8683402 | H107: =+SUM(C107:G107) -> 8683402
B108: Comisiones de Viaje | C108: 74897 | D108: 95535 | E108: 39530 | F108: 8968 | G108: 161070 | H108: =SUM(C108:G108) -> 380000
B109: Arrendamientos | C109: =(+$H$109/$H$99)*C99 -> 433787.83 | D109: =(+$H$109/$H$99)*D99 -> 421568.45 | E109: =(+$H$109/$H$99)*E99 -> 934782.22 | F109: =(+$H$109/$H$99)*F99 -> 384910.33 | G109: =+$H$109/$H$99*G99 -> 3439754.2 | H109: 5614803
B110: Servicios Públicos | C110: =+$H$110/$H$99*C99 -> 33492.608 | D110: =+$H$110/$H$99*D99 -> 32549.155 | E110: =+$H$110/$H$99*E99 -> 72174.212 | F110: =+$H$110/$H$99*F99 -> 29718.793 | G110: =+$H$110/$H$99*G99 -> 265582.23 | H110: 433517
B111: Servicios de bienestar | C111: =+$H$111/$H$97*C97 -> 83636.364 | D111: =+$H$111/$H$97*D97 -> 91601.732 | E111: =+$H$111/$H$97*E97 -> 187186.15 | F111: =+$H$111/$H$97*F97 -> 167272.73 | G111: =+$H$111/$H$97*G97 -> 390303.03 | H111: 920000
...

Sheet Puertos 
A1: Cálculo de participación por vigilancia | Y1: Paso 6.
A2: Paso 1. | Y2: Tipo de vigilancia | Z2: Min | AA2: Med | AB2: Max
A3: Total vigilados | B3: =+SUM(B4:B6) -> 671 | C3: Nota: La información corresponde a los vigilados que reportaron información financiera. | Y3: Objetiva | Z3: =+L39 -> 630.95664 | AA3: =+M39 -> 823.68061 | AB3: =+N39 -> 1237.1331
A4: Objetiva | B4: 3 | Y4: Subjetiva | Z4: =+P39 -> 4293.44 | AA4: =+Q39 -> 5006.08 | AB4: =+R39 -> 6600.64
A5: Subjetiva | B5: 16 | Y5: Integral | Z5: =+T39 -> 97670.8 | AA5: =+U39 -> 121842.48 | AB5: =+V39 -> 189320.56
A6: Integral | B6: 652
Y7: Paso 7.
A8: Paso 2. | E8: Paso 3. | H8: Paso 4. | L8: Paso 5. | Y8: Total horas | Z8: =+SUM(Z3:Z5) -> 102595.2 | AA8: =+SUM(AA3:AA5) -> 127672.24 | AB8: =+SUM(AB3:AB5) -> 197158.33 | AC8: Promedio de participación
A9: Proceso | B9: Procedimiento | D9: Actividad | E9: Horas | H9: Magnitud | K9: OBJETIVA - TOTAL HORAS | O9: SUBJETIVA - TOTAL HORAS | S9: INTEGRAL - TOTAL HORAS | Y9: Participación de supervisión Objetiva | Z9: =+Z3/Z8 -> 0.0061499628 | AA9: =+AA3/AA8 -> 0.0064515247 | AB9: =+AB3/AB8 -> 0.0062748204 | AC9: =+AVERAGE(Z9:AB9) -> 0.0062921026
E10: Min | F10: Med | G10: Max | H10: Descripción | J10: % | K10: Universo final | L10: Min | M10: Med | N10: Max | O10: Universo final | P10: Min | Q10: Med | R10: Max | S10: Universo final | T10: Min | U10: Med | V10: Max | Y10: Participación de supervisión Subjetiva | Z10: =+Z4/Z8 -> 0.041848353 | AA10: =+AA4/AA8 -> 0.039210403 | AB10: =+AB4/AB8 -> 0.033478879 | AC10: =+AVERAGE(Z10:AB10) -> 0.038179212
A11: Vigilancia | B11: Vigilancia Objetiva | D11: Revisar actas e informes de visita de supervisión para la identificación de actuaciones posteriores | E11: 2 | F11: 3 | G11: 5 | H11: Por actividad | I11: 50 visitas en promedio anuales | K11: =13*(B4/(B4+B6)) -> 0.059541985 | L11: =+$K11*E11 -> 0.11908397 | M11: =+$K11*F11 -> 0.17862595 | N11: =+$K11*G11 -> 0.29770992 | O11: 0 | P11: =+$O11*E11 -> 0 | Q11: =+$O11*F11 -> 0 | R11: =+$O11*G11 -> 0 | S11: 49 | T11: =+$S11*E11 -> 98 | U11: =+$S11*F11 -> 147 | V11: =+$S11*G11 -> 245 | Y11: Participación de supervisión Integral | Z11: =+Z5/Z8 -> 0.95200168 | AA11: =+AA5/AA8 -> 0.95433807 | AB11: =+AB5/AB8 -> 0.9602463 | AC11: =+AVERAGE(Z11:AB11) -> 0.95552869
D12: Revisar actas e informes de operativos de inspección en cuerpos acuáticos para la identificación de actuaciones posteriores | E12: 2 | F12: 3 | G12: 5 | H12: Por actividad | I12: En promedio 90 operativos anuales | K12: =+$B$4 -> 3 | L12: =+$K12*E12 -> 6 | M12: =+$K12*F12 -> 9 | N12: =+$K12*G12 -> 15 | O12: 0 | P12: =+$O12*E12 -> 0 | Q12: =+$O12*F12 -> 0 | R12: =+$O12*G12 -> 0 | S12: 89 | T12: =+$S12*E12 -> 178 | U12: =+$S12*F12 -> 267 | V12: =+$S12*G12 -> 445
D13: Requerir acciones de mejora | E13: 2 | F13: 3 | G13: 4 | H13: Por actividad | I13: En promedio del 60% de visitas surgen recomendaciones y aspectos por mejorar | J13: 0.6 | K13: =+($J$13*$K$11)+($J$13*$K$12) -> 1.8357252 | L13: =+$K13*E13 -> 3.6714504 | M13: =+$K13*F13 -> 5.5071756 | N13: =+$K13*G13 -> 7.3429008 | O13: 0 | P13: =+$O13*E13 -> 0 | Q13: =+$O13*F13 -> 0 | R13: =+$O13*G13 -> 0 | S13: =+($J$13*$S$11)+($J$13*$S$12) -> 82.8 | T13: =+$S13*E13 -> 165.6 | U13: =+$S13*F13 -> 248.4 | V13: =+$S13*G13 -> 331.2
D14: Realizar seguimiento al cumplimiento de las acciones de mejora | E14: 36 | F14: 48 | G14: 100 | H14: Por vigilado | I14: En promedio del 60% de visitas surgen recomendaciones y aspectos por mejorar | J14: 0.6 | K14: =+($J$13*$K$11)+($J$13*$K$12) -> 1.8357252 | L14: =+$K14*E14 -> 66.086107 | M14: =+$K14*F14 -> 88.114809 | N14: =+$K14*G14 -> 183.57252 | O14: 0 | P14: =+$O14*E14 -> 0 | Q14: =+$O14*F14 -> 0 | R14: =+$O14*G14 -> 0 | S14: =+($J$13*$S$11)+($J$13*$S$12) -> 82.8 | T14: =+$S14*E14 -> 2980.8 | U14: =+$S14*F14 -> 3974.4 | V14: =+$S14*G14 -> 8280
B15: Vigilancia Subjetiva | D15: Analizar la información financiera reportada por vigilados | E15: 1200 | F15: 1400 | G15: 1800 | H15: Para todos los vigilados | K15: 0 | L15: =+K15*E15 -> 0 | M15: =+L15*F15 -> 0 | N15: =+M15*G15 -> 0 | P15: =+E$15 -> 1200 | Q15: =+F$15 -> 1400 | R15: =+G$15 -> 1800 | T15: =+E15 -> 1200 | U15: =+F15 -> 1400 | V15: =+G15 -> 1800
D16: Requerir a Vigilados con riesgo financiero medio y alto | E16: 3 | F16: 5 | G16: 6 | H16: Por vigilado | I16: Varía dependiendo del análisis de información financiera y del vigilado | J16: 0.3 | K16: 0 | L16: =+K16*E16 -> 0 | M16: =+L16*F16 -> 0 | N16: =+M16*G16 -> 0 | O16: =+$B$5*$J$16 -> 4.8 | P16: =+$O16*E16 -> 14.4 | Q16: =+$O16*F16 -> 24 | R16: =+$O16*G16 -> 28.8 | S16: =+$B$6*$J$16 -> 195.6 | T16: =$S16*E16 -> 586.8 | U16: =$S16*F16 -> 978 | V16: =$S16*G16 -> 1173.6
D17: Evaluar solicitudes de reformas estatutarias radicadas | E17: 180 | F17: 200 | G17: 220 | H17: Por vigilado | I17: Varía en función a las solicitudes, máximo 8 al año | K17: 0 | L17: =+K17*E17 -> 0 | M17: =+L17*F17 -> 0 | N17: =+M17*G17 -> 0 | O17: 8 | P17: =+$O17*E17 -> 1440 | Q17: =+$O17*F17 -> 1600 | R17: =+$O17*G17 -> 1760 | S17: 8 | T17: =$S17*E17 -> 1440 | U17: =$S17*F17 -> 1600 | V17: =$S17*G17 -> 1760
D18: Analizar contratos y/o documentos derivados de los contratos de concesión portuaria | E18: 220 | F18: 260 | G18: 400 | H18: Por vigilado | J18: 0.2 | K18: 0 | L18: =+K18*E18 -> 0 | M18: =+L18*F18 -> 0 | N18: =+M18*G18 -> 0 | O18: =+$B$5*$J$18 -> 3.2 | P18: =+$O18*E18 -> 704 | Q18: =+$O18*F18 -> 832 | R18: =+$O18*G18 -> 1280 | S18: =+$B$6*$J$18 -> 130.4 | T18: =$S18*E18 -> 28688 | U18: =$S18*F18 -> 33904 | V18: =$S18*G18 -> 52160
D19: Analizar aspectos societarios y comerciales | E19: 220 | F19: 260 | G19: 400 | H19: Por vigilado | J19: 0.2 | K19: 0 | L19: =+K19*E19 -> 0 | M19: =+L19*F19 -> 0 | N19: =+M19*G19 -> 0 | O19: =+$B$5*$J$19 -> 3.2 | P19: =+$O19*E19 -> 704 | Q19: =+$O19*F19 -> 832 | R19: =+$O19*G19 -> 1280 | S19: =+$B$6*$J$19 -> 130.4 | T19: =$S19*E19 -> 28688 | U19: =$S19*F19 -> 33904 | V19: =$S19*G19 -> 52160
D20: Realizar requerimientos de carácter subjetivo con base en hallazgos evidenciados en visitas de supervisión | E20: 4 | F20: 8 | G20: 12 | H20: Por vigilado | J20: 0.2 | K20: 0 | L20: =+K20*E20 -> 0 | M20: =+L20*F20 -> 0 | N20: =+M20*G20 -> 0 | O20: =+$B$5*$J$20 -> 3.2 | P20: =+$O20*E20 -> 12.8 | Q20: =+$O20*F20 -> 25.6 | R20: =+$O20*G20 -> 38.4 | S20: =+$B$6*$J$20 -> 130.4 | T20: =$S20*E20 -> 521.6 | U20: =$S20*F20 -> 1043.2 | V20: =$S20*G20 -> 1564.8
D21: Realizar seguimiento al cumplimiento de lo requerido de índole subjetiva en el marco de las visitas de supervisión | E21: 4 | F21: 8 | G21: 12 | H21: Por vigilado | J21: 0.2 | K21: 0 | L21: =+K21*E21 -> 0 | M21: =+L21*F21 -> 0 | N21: =+M21*G21 -> 0 | O21: =+$B$5*$J$21 -> 3.2 | P21: =+$O21*E21 -> 12.8 | Q21: =+$O21*F21 -> 25.6 | R21: =+$O21*G21 -> 38.4 | S21: =+$B$6*$J$21 -> 130.4 | T21: =$S21*E21 -> 521.6 | U21: =$S21*F21 -> 1043.2 | V21: =$S21*G21 -> 1564.8
B22: Proceso Estadístico | D22: Realizar validaciones trimestrales sobre la información de estadísticas de tráfico portuario | E22: 100 | F22: 120 | G22: 200 | H22: Para toda la actividad | I22: 56 vigilados | K22: 1 | L22: =+$K22*E22 -> 100 | M22: =+$K22*F22 -> 120 | N22: =+$K22*G22 -> 200 | O22: 0 | P22: =+$O22*E22 -> 0 | Q22: =+$O22*F22 -> 0 | R22: =+$O22*G22 -> 0 | S22: 55 | T22: =+$S22*E22 -> 5500 | U22: =+$S22*F22 -> 6600 | V22: =+$S22*G22 -> 11000
D23: Realizar validaciones trimestrales sobre la información de Indicadores ABC y los indicadores BSC, transmitidas por los vigilados | E23: 100 | F23: 120 | G23: 200 | H23: Para toda la actividad | I23: 56 vigilados | K23: 1 | L23: =+$K23*E23 -> 100 | M23: =+$K23*F23 -> 120 | N23: =+$K23*G23 -> 200 | O23: 0 | P23: =+$O23*E23 -> 0 | Q23: =+$O23*F23 -> 0 | R23: =+$O23*G23 -> 0 | S23: 55 | T23: =+$S23*E23 -> 5500 | U23: =+$S23*F23 -> 6600 | V23: =+$S23*G23 -> 11000
D24: Identificar los vigilados que realizan con mayor frecuencia requerimientos de eliminación de cifras del modulo SIGT- VIGIA, a través de los canales de atención al cliente estipulados por la entidad | E24: 30 | F24: 40 | G24: 50 | H24: Para toda la actividad | I24: Mínimo son 10 vigilados | K24: 1 | L24: =+$K24*E24 -> 30 | M24: =+$K24*F24 -> 40 | N24: =+$K24*G24 -> 50 | O24: 0 | P24: =+$O24*E24 -> 0 | Q24: =+$O24*F24 -> 0 | R24: =+$O24*G24 -> 0 | S24: 9 | T24: =+$S24*E24 -> 270 | U24: =+$S24*F24 -> 360 | V24: =+$S24*G24 -> 450
D25: Identificar los vigilados que realizan con mayor frecuencia requerimientos de eliminación de cifras del módulo ABC y BSC de VIGIA, a través de los canales de atención al cliente estipulados por la entidad | E25: 30 | F25: 40 | G25: 50 | H25: Para toda la actividad | I25: Mínimo son 10 vigilados | K25: 1 | L25: =+$K25*E25 -> 30 | M25: =+$K25*F25 -> 40 | N25: =+$K25*G25 -> 50 | O25: 0 | P25: =+$O25*E25 -> 0 | Q25: =+$O25*F25 -> 0 | R25: =+$O25*G25 -> 0 | S25: 9 | T25: =+$S25*E25 -> 270 | U25: =+$S25*F25 -> 360 | V25: =+$S25*G25 -> 450
D26: Elaborar y publicar boletines de trafico portuario | E26: 120 | F26: 160 | G26: 200 | H26: para toda la actividad | I26: 4 Depende del análisis y los ajustes que requiera el boletín | K26: 1 | L26: =+$K26*E26 -> 120 | M26: =+$K26*F26 -> 160 | N26: =+$K26*G26 -> 200 | O26: 0 | P26: =+$O26*E26 -> 0 | Q26: =+$O26*F26 -> 0 | R26: =+$O26*G26 -> 0 | S26: 3 | T26: =+$S26*E26 -> 360 | U26: =+$S26*F26 -> 480 | V26: =+$S26*G26 -> 600
D27: Elaborar y publicar informes de indicadores de eficiencia portuaria | E27: 120 | F27: 160 | G27: 200 | H27: para toda la actividad | I27: 4 Depende del análisis y los ajustes que requiera el informe | K27: 1 | L27: =+$K27*E27 -> 120 | M27: =+$K27*F27 -> 160 | N27: =+$K27*G27 -> 200 | O27: 0 | P27: =+$O27*E27 -> 0 | Q27: =+$O27*F27 -> 0 | R27: =+$O27*G27 -> 0 | S27: 3 | T27: =+$S27*E27 -> 360 | U27: =+$S27*F27 -> 480 | V27: =+$S27*G27 -> 600
A28: Inspección | B28: Inspección Objetiva | C28: Visitas de supervisión | D28: Realizar los trámites administrativos previos para realizar la visita de supervisión (solicitud viáticos, credenciales de la visita y notificaciones a vigilados) | E28: 12 | F28: 20 | G28: 30 | H28: Por actividad | I28: 30% de los supervisados | J28: 0.3 | K28: =+J28*$B$4 -> 0.9 | L28: =+$K28*E28 -> 10.8 | M28: =+$K28*F28 -> 18 | N28: =+$K28*G28 -> 27 | O28: 0 | P28: =+$O28*E28 -> 0 | Q28: =+$O28*F28 -> 0 | R28: =+$O28*G28 -> 0 | S28: =+J28*$B$6 -> 195.6 | T28: =$S28*E28 -> 2347.2 | U28: =$S28*F28 -> 3912 | V28: =$S28*G28 -> 5868
D29: Preparar la visita de supervisión (revisar antecedentes y alistar documentos de trabajo) | E29: 8 | F29: 12 | G29: 20 | H29: Por vigilado inspeccionado | I29: 30% de los supervisados | J29: 0.3 | K29: =+J29*$B$4 -> 0.9 | L29: =+$K29*E29 -> 7.2 | M29: =+$K29*F29 -> 10.8 | N29: =+$K29*G29 -> 18 | O29: 0 | P29: =+$O29*E29 -> 0 | Q29: =+$O29*F29 -> 0 | R29: =+$O29*G29 -> 0 | S29: =+J29*$B$6 -> 195.6 | T29: =$S29*E29 -> 1564.8 | U29: =$S29*F29 -> 2347.2 | V29: =$S29*G29 -> 3912
D30: Realizar la visita de supervisión (incluyendo la elaboración del acta durante el recorrido de la visita) | E30: 24 | F30: 36 | G30: 64 | H30: Por vigilado inspeccionado | I30: 20 o 30 más grandes, 30% | J30: 0.3 | K30: =+J30*$B$4 -> 0.9 | L30: =+$K30*E30 -> 21.6 | M30: =+$K30*F30 -> 32.4 | N30: =+$K30*G30 -> 57.6 | O30: 0 | P30: =+$O30*E30 -> 0 | Q30: =+$O30*F30 -> 0 | R30: =+$O30*G30 -> 0 | S30: =+J30*$B$6 -> 195.6 | T30: =$S30*E30 -> 4694.4 | U30: =$S30*F30 -> 7041.6 | V30: =$S30*G30 -> 12518.4
D31: Elaborar Informe de la visita de supervisión. | E31: 16 | F31: 20 | G31: 28 | H31: Por vigilado inspeccionado | I31: 20 o 30 más grandes, 30% | J31: 0.3 | K31: =+J31*$B$4 -> 0.9 | L31: =+$K31*E31 -> 14.4 | M31: =+$K31*F31 -> 18 | N31: =+$K31*G31 -> 25.2 | O31: 0 | P31: =+$O31*E31 -> 0 | Q31: =+$O31*F31 -> 0 | R31: =+$O31*G31 -> 0 | S31: =+J31*$B$6 -> 195.6 | T31: =$S31*E31 -> 3129.6 | U31: =$S31*F31 -> 3912 | V31: =$S31*G31 -> 5476.8
C32: Operativos de inspección | D32: Trámites administrativos previos para realizar los operativos de inspección (solicitud viáticos y credenciales de la visita) | E32: 4 | F32: 8 | G32: 24 | H32: Por actividad | I32: 1% vigilados | J32: 0.01 | K32: =+J32*$B$4 -> 0.03 | L32: =+$K32*E32 -> 0.12 | M32: =+$K32*F32 -> 0.24 | N32: =+$K32*G32 -> 0.72 | O32: 0 | P32: =+$O32*E32 -> 0 | Q32: =+$O32*F32 -> 0 | R32: =+$O32*G32 -> 0 | S32: =+J32*$B$6 -> 6.52 | T32: =$S32*E32 -> 26.08 | U32: =$S32*F32 -> 52.16 | V32: =$S32*G32 -> 156.48
D33: Preparar el operativo de inspección | E33: 8 | F33: 12 | G33: 16 | H33: Por actividad | I33: 1% vigilados | J33: 0.01 | K33: =+J33*$B$4 -> 0.03 | L33: =+$K33*E33 -> 0.24 | M33: =+$K33*F33 -> 0.36 | N33: =+$K33*G33 -> 0.48 | O33: 0 | P33: =+$O33*E33 -> 0 | Q33: =+$O33*F33 -> 0 | R33: =+$O33*G33 -> 0 | S33: =+J33*$B$6 -> 6.52 | T33: =$S33*E33 -> 52.16 | U33: =$S33*F33 -> 78.24 | V33: =$S33*G33 -> 104.32
D34: Realizar el operativo de inspección (incluyendo la elaboración del acta durante el desarrollo del operativo cuando aplique) | E34: 24 | F34: 36 | G34: 64 | H34: Por actividad | I34: 1% vigilados | J34: 0.01 | K34: =+J34*$B$4 -> 0.03 | L34: =+$K34*E34 -> 0.72 | M34: =+$K34*F34 -> 1.08 | N34: =+$K34*G34 -> 1.92 | O34: 0 | P34: =+$O34*E34 -> 0 | Q34: =+$O34*F34 -> 0 | R34: =+$O34*G34 -> 0 | S34: =+J34*$B$6 -> 6.52 | T34: =$S34*E34 -> 156.48 | U34: =$S34*F34 -> 234.72 | V34: =$S34*G34 -> 417.28
B35: Inspección Subjetiva | C35: Visitas de supervisión | D35: Realizar los trámites administrativos previos para realizar la visita de supervisión (solicitud viáticos, credenciales de la visita y notificaciones a vigilados) | E35: 4 | F35: 8 | G35: 24 | H35: Por vigilado inspeccionado | I35: 1% de los supervisados | J35: 0.01 | K35: 0 | L35: =$K35*E35 -> 0 | M35: =$K35*F35 -> 0 | N35: =$K35*G35 -> 0 | O35: =+J35*$B$5 -> 0.16 | P35: =+$O35*E35 -> 0.64 | Q35: =+$O35*F35 -> 1.28 | R35: =+$O35*G35 -> 3.84 | S35: =+J35*$B$6 -> 6.52 | T35: =+$S35*E35 -> 26.08 | U35: =+$S35*F35 -> 52.16 | V35: =+$S35*G35 -> 156.48
D36: Preparar la visita de supervisión (revisar antecedentes y alistar documentos de trabajo de carácter subjetivo) | E36: 16 | F36: 17 | G36: 20 | H36: Por vigilado inspeccionado | I36: 20% de los supervisados | J36: 0.2 | K36: 0 | L36: =$K36*E36 -> 0 | M36: =$K36*F36 -> 0 | N36: =$K36*G36 -> 0 | O36: =+J36*$B$5 -> 3.2 | P36: =+$O36*E36 -> 51.2 | Q36: =+$O36*F36 -> 54.4 | R36: =+$O36*G36 -> 64 | S36: =+J36*$B$6 -> 130.4 | T36: =+$S36*E36 -> 2086.4 | U36: =+$S36*F36 -> 2216.8 | V36: =+$S36*G36 -> 2608
D37: Realizar la visita de supervisión (incluyendo la elaboración del acta durante el recorrido de la visita) | E37: 24 | F37: 36 | G37: 64 | H37: Por vigilado inspeccionado | I37: 20% de los supervisados | J37: 0.2 | K37: 0 | L37: =$K37*E37 -> 0 | M37: =$K37*F37 -> 0 | N37: =$K37*G37 -> 0 | O37: =+J37*$B$5 -> 3.2 | P37: =+$O37*E37 -> 76.8 | Q37: =+$O37*F37 -> 115.2 | R37: =+$O37*G37 -> 204.8 | S37: =+J37*$B$6 -> 130.4 | T37: =+$S37*E37 -> 3129.6 | U37: =+$S37*F37 -> 4694.4 | V37: =+$S37*G37 -> 8345.6
D38: Elaborar Informe de la visita de supervisión. | E38: 24 | F38: 30 | G38: 32 | H38: Por vigilado inspeccionado | I38: 20% de los supervisados | J38: 0.2 | K38: 0 | L38: =$K38*E38 -> 0 | M38: =$K38*F38 -> 0 | N38: =$K38*G38 -> 0 | O38: =+J38*$B$5 -> 3.2 | P38: =+$O38*E38 -> 76.8 | Q38: =+$O38*F38 -> 96 | R38: =+$O38*G38 -> 102.4 | S38: =+J38*$B$6 -> 130.4 | T38: =+$S38*E38 -> 3129.6 | U38: =+$S38*F38 -> 3912 | V38: =+$S38*G38 -> 4172.8
A39: TOTAL HORAS | L39: =SUM(L11:L38) -> 630.95664 | M39: =SUM(M11:M38) -> 823.68061 | N39: =SUM(N11:N38) -> 1237.1331 | P39: =SUM(P11:P38) -> 4293.44 | Q39: =SUM(Q11:Q38) -> 5006.08 | R39: =SUM(R11:R38) -> 6600.64 | T39: =SUM(T11:T38) -> 97670.8 | U39: =SUM(U11:U38) -> 121842.48 | V39: =SUM(V11:V38) -> 189320.56
A41: Nota: la información de vigilados se obtuvo de los ingresos reportados 2024

Sheet Concesiones
A1: Cálculo de participación por vigilancia
A2: Paso 1.
A3: Total vigilados | B3: =+SUM(B4:B6) -> 229 | C3: Nota: La información corresponde a los vigilados que reportaron información financiera.
A4: Objetiva | B4: 4
A5: Subjetiva | B5: 91
A6: Integral | B6: 134
A8: Paso 2. | E8: Paso 3. | H8: Paso 4. | L8: Paso 5. | X8: Paso 6.
A9: Proceso | B9: Procedimiento | D9: Actividad | E9: Horas | H9: Magnitud | K9: OBJETIVA - Total horas | O9: SUBJETIVA - Total horas | S9: INTEGRAL - Total horas | X9: Tipo de vigilancia | Y9: Min | Z9: Med | AA9: Max
E10: Min | F10: Med | G10: Max | H10: Descripción | J10: % | K10: Universo final | L10: Min | M10: Med | N10: Max | O10: Universo final | P10: Min | Q10: Med | R10: Max | S10: Universo final | T10: Min | U10: Med | V10: Max | X10: Objetiva | Y10: =+L42 -> 68.254029 | Z10: =+M42 -> 192.57275 | AA10: =+N42 -> 397.37507
A11: Vigilancia o autogestión | B11: Vigilancia Objetiva | D11: Preparación de requisitos a los vigilados | E11: 8 | F11: 16 | G11: 40 | H11: Por tipo de vigilado + Programas especiales | I11: 7 tipos de vigilados + 6 programas especiales | K11: =13*(B4/(B4+B6)) -> 0.37681159 | L11: =+$K11*E11 -> 3.0144928 | M11: =+$K11*F11 -> 6.0289855 | N11: =+$K11*G11 -> 15.072464 | O11: 0 | P11: =+$O11*E11 -> 0 | Q11: =+$O11*F11 -> 0 | R11: =+$O11*G11 -> 0 | S11: =13*(B6/(B4+B6)) -> 12.623188 | T11: =+$S11*E11 -> 100.98551 | U11: =+$S11*F11 -> 201.97101 | V11: =+$S11*G11 -> 504.92754 | X11: Subjetiva | Y11: =+P42 -> 122.76196 | Z11: =+Q42 -> 746.9692 | AA11: =+R42 -> 1131.4184
D12: Análisis de la información recepcionada | E12: 4 | F12: 6 | G12: 24 | H12: Por vigilado | K12: =+$B$4 -> 4 | L12: =+$K12*E12 -> 16 | M12: =+$K12*F12 -> 24 | N12: =+$K12*G12 -> 96 | O12: 0 | P12: =+$O12*E12 -> 0 | Q12: =+$O12*F12 -> 0 | R12: =+$O12*G12 -> 0 | S12: =+B6 -> 134 | T12: =+$S12*E12 -> 536 | U12: =+$S12*F12 -> 804 | V12: =+$S12*G12 -> 3216 | X12: Integral | Y12: =+T42 -> 2444.599 | Z12: =+U42 -> 7518.988 | AA12: =+V42 -> 14925.187
D13: requerimiento de acciones de mejora (80% de vigilados) | E13: 0.2 | F13: 1 | G13: 4 | H13: Por vigilado | I13: 80% de los vigilados | J13: 0.8 | K13: =+$B$4*J13 -> 3.2 | L13: =+$K13*E13 -> 0.64 | M13: =+$K13*F13 -> 3.2 | N13: =+$K13*G13 -> 12.8 | O13: 0 | P13: =+$O13*E13 -> 0 | Q13: =+$O13*F13 -> 0 | R13: =+$O13*G13 -> 0 | S13: =+J13*$B$6 -> 107.2 | T13: =+$S13*E13 -> 21.44 | U13: =+$S13*F13 -> 107.2 | V13: =+$S13*G13 -> 428.8
D14: Seguimiento al requerimiento y a las acciones de mejora (10% sin seguimiento) | E14: 0.5 | F14: 2 | G14: 4 | H14: Por vigilado | I14: 90% de los que tuvieron requerimientos | J14: 0.9 | K14: =+K13*J14 -> 2.88 | L14: =+$K14*E14 -> 1.44 | M14: =+$K14*F14 -> 5.76 | N14: =+$K14*G14 -> 11.52 | O14: 0 | P14: =+$O14*E14 -> 0 | Q14: =+$O14*F14 -> 0 | R14: =+$O14*G14 -> 0 | S14: =+J14*S13 -> 96.48 | T14: =+$S14*E14 -> 48.24 | U14: =+$S14*F14 -> 192.96 | V14: =+$S14*G14 -> 385.92
D15: Actividades de Promoción (Capacitaciones, mesas de trabajo, socializaciones…) | E15: 8 | F15: 4 | G15: 24 | H15: Por programa de formalización + Programa especial | I15: 3 programas de formalización + 1 programa especial | K15: =4*(B4/(B4+B6)) -> 0.11594203 | L15: =+$K15*E15 -> 0.92753623 | M15: =+$K15*F15 -> 0.46376812 | N15: =+$K15*G15 -> 2.7826087 | O15: 0 | P15: =+$O15*E15 -> 0 | Q15: =+$O15*F15 -> 0 | R15: =+$O15*G15 -> 0 | S15: =4*(B6/(B4+B6)) -> 3.884058 | T15: =+$S15*E15 -> 31.072464 | U15: =+$S15*F15 -> 15.536232 | V15: =+$S15*G15 -> 93.217391
B16: Vigilancia Subjetiva | D16: Preparación de requisitos a los vigilados | E16: 24 | F16: 32 | G16: 40 | H16: Para todos los vigilados | I16: General | K16: 0 | L16: =K16*E16 -> 0 | M16: =L16*F16 -> 0 | N16: =M16*G16 -> 0 | O16: 1 | P16: =$O$16*E16 -> 24 | Q16: =$O$16*F16 -> 32 | R16: =$O$16*G16 -> 40 | S16: 1 | T16: =$S16*E16 -> 24 | U16: =$S16*F16 -> 32 | V16: =$S16*G16 -> 40 | X16: Paso 7.
D17: Recepción, organización y análisis de la información recepcionada | E17: 0.1 | F17: 6 | G17: 8 | H17: Por vigilado | K17: 0 | L17: =K17*E17 -> 0 | M17: =L17*F17 -> 0 | N17: =M17*G17 -> 0 | O17: =+$B$5 -> 91 | P17: =$O$17*E17 -> 9.1 | Q17: =$O$17*F17 -> 546 | R17: =$O$17*G17 -> 728 | S17: =+$B$6 -> 134 | T17: =$S17*E17 -> 13.4 | U17: =$S17*F17 -> 804 | V17: =$S17*G17 -> 1072 | X17: Total horas | Y17: =+SUM(Y10:Y12) -> 2635.615 | Z17: =+SUM(Z10:Z12) -> 8458.53 | AA17: =+SUM(AA10:AA12) -> 16453.98 | AB17: Promedio de participación
D18: Requerimiento de acciones de mejora (10% de vigilados) | E18: 0.1 | F18: 1 | G18: 2 | H18: Por vigilado | I18: 10% de los vigilados | J18: 0.1 | K18: 0 | L18: =K18*E18 -> 0 | M18: =L18*F18 -> 0 | N18: =M18*G18 -> 0 | O18: =+$B$5*J18 -> 9.1 | P18: =$O$18*E18 -> 0.91 | Q18: =$O$18*F18 -> 9.1 | R18: =$O$18*G18 -> 18.2 | S18: =+J18*$B$6 -> 13.4 | T18: =$S18*E18 -> 1.34 | U18: =$S18*F18 -> 13.4 | V18: =$S18*G18 -> 26.8 | X18: Participación de supervisión Objetiva | Y18: =+Y10/Y17 -> 0.025896813 | Z18: =+Z10/Z17 -> 0.022766693 | AA18: =+AA10/AA17 -> 0.024150696 | AB18: =+AVERAGE(Y18:AA18) -> 0.024271401
D19: Seguimiento al requerimiento y a las acciones de mejora (10% sin seguimiento) | E19: 0.2 | F19: 1 | G19: 2 | H19: Por vigilado | I19: 90% de los que tuvieron requerimientos | J19: 0.9 | K19: 0 | L19: =K19*E19 -> 0 | M19: =L19*F19 -> 0 | N19: =M19*G19 -> 0 | O19: =+J19*O18 -> 8.19 | P19: =$O$19*E19 -> 1.638 | Q19: =$O$19*F19 -> 8.19 | R19: =$O$19*G19 -> 16.38 | S19: =+J19*S18 -> 12.06 | T19: =$S19*E19 -> 2.412 | U19: =$S19*F19 -> 12.06 | V19: =$S19*G19 -> 24.12 | X19: Participación de supervisión Subjetiva | Y19: =+Y11/Y17 -> 0.046578108 | Z19: =+Z11/Z17 -> 0.088309576 | AA19: =+AA11/AA17 -> 0.068762597 | AB19: =+AVERAGE(Y19:AA19) -> 0.067883427
D20: Actividades de Promoción (Capacitaciones, mesas de trabajo, socializaciones…) | E20: 8 | F20: 12 | G20: 24 | H20: Por grupo de niif o tipo de organización | I20: 3 grupo de niif o 5 tipos de organización | K20: 0 | L20: =K20*E20 -> 0 | M20: =L20*F20 -> 0 | N20: =M20*G20 -> 0 | O20: 3 | P20: =$O$20*E20 -> 24 | Q20: =$O$20*F20 -> 36 | R20: =$O$20*G20 -> 72 | S20: 3 | T20: =$S20*E20 -> 24 | U20: =$S20*F20 -> 36 | V20: =$S20*G20 -> 72 | X20: Participación de supervisión integral | Y20: =+Y12/Y17 -> 0.92752508 | Z20: =+Z12/Z17 -> 0.88892373 | AA20: =+AA12/AA17 -> 0.90708671 | AB20: =+AVERAGE(Y20:AA20) -> 0.90784517
A21: Inspección | B21: Inspección Objetiva | C21: Inspecciones in situ (generales, programas especiales) | D21: Preparación y requisitos de la inspección (antecedentes y papeles de trabajo) | E21: 4 | F21: 16 | G21: 24 | H21: Por vigilado inspeccionado | I21: 60% de los supervisados | J21: 0.6 | K21: =J21*($B$4) -> 2.4 | L21: =+$K21*E21 -> 9.6 | M21: =+$K21*F21 -> 38.4 | N21: =+$K21*G21 -> 57.6 | O21: 0 | P21: =+$O21*E21 -> 0 | Q21: =+$O21*F21 -> 0 | R21: =+$O21*G21 -> 0 | S21: =J21*($B$6) -> 80.4 | T21: =$S21*E21 -> 321.6 | U21: =$S21*F21 -> 1286.4 | V21: =$S21*G21 -> 1929.6
D22: Realización de la inspección (acta de visita de inspección) | E22: 4 | F22: 16 | G22: 32 | H22: Por vigilado inspeccionado | J22: 0.6 | K22: =J22*($B$4) -> 2.4 | L22: =+$K22*E22 -> 9.6 | M22: =+$K22*F22 -> 38.4 | N22: =+$K22*G22 -> 76.8 | O22: 0 | P22: =+$O22*E22 -> 0 | Q22: =+$O22*F22 -> 0 | R22: =+$O22*G22 -> 0 | S22: =J22*($B$6) -> 80.4 | T22: =$S22*E22 -> 321.6 | U22: =$S22*F22 -> 1286.4 | V22: =$S22*G22 -> 2572.8
D23: Realizar Informe de la visita de inspección | E23: 8 | F23: 16 | G23: 24 | H23: Por vigilado inspeccionado | J23: 0.6 | K23: =J23*($B$4) -> 2.4 | L23: =+$K23*E23 -> 19.2 | M23: =+$K23*F23 -> 38.4 | N23: =+$K23*G23 -> 57.6 | O23: 0 | P23: =+$O23*E23 -> 0 | Q23: =+$O23*F23 -> 0 | R23: =+$O23*G23 -> 0 | S23: =J23*($B$6) -> 80.4 | T23: =$S23*E23 -> 643.2 | U23: =$S23*F23 -> 1286.4 | V23: =$S23*G23 -> 1929.6
D24: requerimiento de acciones de mejora (100% de vigilados inspeccionados) | E24: 0.2 | F24: 6 | G24: 8 | H24: Por vigilado inspeccionado | I24: 100% de los inspeccionados | J24: 0.6 | K24: =J24*($B$4) -> 2.4 | L24: =+$K24*E24 -> 0.48 | M24: =+$K24*F24 -> 14.4 | N24: =+$K24*G24 -> 19.2 | O24: 0 | P24: =+$O24*E24 -> 0 | Q24: =+$O24*F24 -> 0 | R24: =+$O24*G24 -> 0 | S24: =J24*($B$6) -> 80.4 | T24: =$S24*E24 -> 16.08 | U24: =$S24*F24 -> 482.4 | V24: =$S24*G24 -> 643.2
D25: Seguimiento al requerimiento y a las acciones de mejora (10% sin seguimiento de los requeridos) | E25: 0.2 | F25: 6 | G25: 8 | H25: Por vigilado inspeccionado | I25: 90% de los inspeccionados | J25: 0.9 | K25: =$J$25*K24 -> 2.16 | L25: =+$K25*E25 -> 0.432 | M25: =+$K25*F25 -> 12.96 | N25: =+$K25*G25 -> 17.28 | O25: 0 | P25: =+$O25*E25 -> 0 | Q25: =+$O25*F25 -> 0 | R25: =+$O25*G25 -> 0 | S25: =$J$25*S24 -> 72.36 | T25: =$S25*E25 -> 14.472 | U25: =$S25*F25 -> 434.16 | V25: =$S25*G25 -> 578.88
C26: Inspecciones in situ (operativos) | D26: Realización de operativos de temporada | E26: 16 | F26: 24 | G26: 72 | H26: Por infraestructura seleccionada | I26: 10% vigilados | J26: 0.1 | K26: =J26*($B$4) -> 0.4 | L26: =+$K$26*E26 -> 6.4 | M26: =+$K$26*F26 -> 9.6 | N26: =+$K$26*G26 -> 28.8 | O26: 0 | P26: =+$O26*E26 -> 0 | Q26: =+$O26*F26 -> 0 | R26: =+$O26*G26 -> 0 | S26: =J26*($B$6) -> 13.4 | T26: =$S26*E26 -> 214.4 | U26: =$S26*F26 -> 321.6 | V26: =$S26*G26 -> 964.8
D27: Actividades de Promoción (Capacitaciones, mesas de trabajo, socializaciones, oportunidades de mejora, reuniones institucionales) | E27: 2 | F27: 4 | G27: 8 | H27: Por actividad de promoción por vigilado | I27: 2% vigilados | J27: 0.02 | K27: =J27*($B$4) -> 0.08 | L27: =+$K$27*E27 -> 0.16 | M27: =+$K$27*F27 -> 0.32 | N27: =+$K$27*G27 -> 0.64 | O27: 0 | P27: =+$O27*E27 -> 0 | Q27: =+$O27*F27 -> 0 | R27: =+$O27*G27 -> 0 | S27: =J27*($B$6) -> 2.68 | T27: =$S27*E27 -> 5.36 | U27: =$S27*F27 -> 10.72 | V27: =$S27*G27 -> 21.44
C28: Inspecciones documentales | D28: Solicitud de información individua al vigilado en caso de que se requiera | E28: 1 | F28: 4 | G28: 8 | H28: Por vigilado requerido | I28: 1 % vigilados | J28: 0.01 | K28: =J28*($B$4) -> 0.04 | L28: =+$K$28*E28 -> 0.04 | M28: =+$K$28*F28 -> 0.16 | N28: =+$K$28*G28 -> 0.32 | O28: 0 | P28: =+$O28*E28 -> 0 | Q28: =+$O28*F28 -> 0 | R28: =+$O28*G28 -> 0 | S28: =J28*($B$6) -> 1.34 | T28: =$S28*E28 -> 1.34 | U28: =$S28*F28 -> 5.36 | V28: =$S28*G28 -> 10.72
D29: Análisis y seguimiento sobre las acciones necesarias (requerimiento de acción de mejora, remisión a investigación para estudio de merito de investigación o sometimiento a control) | E29: 8 | F29: 12 | G29: 24 | H29: Por vigilado requerido | I29: 1 % vigilados | J29: 0.01 | K29: =J29*($B$4) -> 0.04 | L29: =+$K$29*E29 -> 0.32 | M29: =+$K$29*F29 -> 0.48 | N29: =+$K$29*G29 -> 0.96 | O29: 0 | P29: =+$O29*E29 -> 0 | Q29: =+$O29*F29 -> 0 | R29: =+$O29*G29 -> 0 | S29: =J29*($B$6) -> 1.34 | T29: =$S29*E29 -> 10.72 | U29: =$S29*F29 -> 16.08 | V29: =$S29*G29 -> 32.16
B30: Inspección Subjetiva | C30: Inspecciones in situ (generales) | D30: Preparación y requisitos de la inspección (antecedentes y papeles de trabajo) | E30: 2 | F30: 6 | G30: 12 | H30: Por vigilado inspeccionado | I30: 2% de los supervisados | J30: 0.02 | K30: 0 | L30: =+K30*E30 -> 0 | M30: =+L30*F30 -> 0 | N30: =+M30*G30 -> 0 | O30: =J30*($B$5) -> 1.82 | P30: =+$O$30*E30 -> 3.64 | Q30: =+$O$30*F30 -> 10.92 | R30: =+$O$30*G30 -> 21.84 | S30: =J30*($B$6) -> 2.68 | T30: =+$S30*E30 -> 5.36 | U30: =+$S30*F30 -> 16.08 | V30: =+$S30*G30 -> 32.16
D31: Realización de la inspección (acta de visita de inspección) | E31: 2 | F31: 8 | G31: 16 | H31: Por vigilado inspeccionado | J31: 0.02 | K31: 0 | L31: =+K31*E31 -> 0 | M31: =+L31*F31 -> 0 | N31: =+M31*G31 -> 0 | O31: =J31*($B$5) -> 1.82 | P31: =+$O$31*E31 -> 3.64 | Q31: =+$O$31*F31 -> 14.56 | R31: =+$O$31*G31 -> 29.12 | S31: =J31*($B$6) -> 2.68 | T31: =+$S31*E31 -> 5.36 | U31: =+$S31*F31 -> 21.44 | V31: =+$S31*G31 -> 42.88
D32: Realizar Informe de la visita de inspección | E32: 8 | F32: 8 | G32: 24 | H32: Por vigilado inspeccionado | J32: 0.02 | K32: 0 | L32: =+K32*E32 -> 0 | M32: =+L32*F32 -> 0 | N32: =+M32*G32 -> 0 | O32: =J32*($B$5) -> 1.82 | P32: =+$O$32*E32 -> 14.56 | Q32: =+$O$32*F32 -> 14.56 | R32: =+$O$32*G32 -> 43.68 | S32: =J32*($B$6) -> 2.68 | T32: =+$S32*E32 -> 21.44 | U32: =+$S32*F32 -> 21.44 | V32: =+$S32*G32 -> 64.32
D33: requerimiento de acciones de mejora (20% de vigilados inspeccionados) | E33: 0.2 | F33: 4 | G33: 8 | H33: Por vigilado inspeccionado | I33: 20% de los inspeccionados | J33: 0.2 | K33: 0 | L33: =+K33*E33 -> 0 | M33: =+L33*F33 -> 0 | N33: =+M33*G33 -> 0 | O33: =J33*O32 -> 0.364 | P33: =+$O$33*E33 -> 0.0728 | Q33: =+$O$33*F33 -> 1.456 | R33: =+$O$33*G33 -> 2.912 | S33: =+J33*S32 -> 0.536 | T33: =+$S33*E33 -> 0.1072 | U33: =+$S33*F33 -> 2.144 | V33: =+$S33*G33 -> 4.288
D34: Seguimiento al requerimiento y a las acciones de mejora (10% sin seguimiento de los requeridos) | E34: 0.2 | F34: 4 | G34: 8 | H34: Por vigilado inspeccionado | I34: 90% de los que tuvieron requerimiento | J34: 0.9 | K34: 0 | L34: =+K34*E34 -> 0 | M34: =+L34*F34 -> 0 | N34: =+M34*G34 -> 0 | O34: =+J34*O33 -> 0.3276 | P34: =+$O$34*E34 -> 0.06552 | Q34: =+$O$34*F34 -> 1.3104 | R34: =+$O$34*G34 -> 2.6208 | S34: =+J34*S33 -> 0.4824 | T34: =+$S34*E34 -> 0.09648 | U34: =+$S34*F34 -> 1.9296 | V34: =+$S34*G34 -> 3.8592
C35: Inspecciones virtuales (generales ) | D35: Preparación y requisitos de la inspección (antecedentes y papeles de trabajo) | E35: 2 | F35: 6 | G35: 12 | H35: Por vigilado inspeccionado | I35: 3% de los supervisados | J35: 0.03 | K35: 0 | L35: =+K35*E35 -> 0 | M35: =+L35*F35 -> 0 | N35: =+M35*G35 -> 0 | O35: =J35*($B$5) -> 2.73 | P35: =+$O35*E35 -> 5.46 | Q35: =+$O35*F35 -> 16.38 | R35: =+$O35*G35 -> 32.76 | S35: =J35*($B$6) -> 4.02 | T35: =+$S35*E35 -> 8.04 | U35: =+$S35*F35 -> 24.12 | V35: =+$S35*G35 -> 48.24
D36: Realización de la inspección (acta de visita de inspección) | E36: 2 | F36: 6 | G36: 8 | H36: Por vigilado inspeccionado | J36: 0.03 | K36: 0 | L36: =+K36*E36 -> 0 | M36: =+L36*F36 -> 0 | N36: =+M36*G36 -> 0 | O36: =J36*($B$5) -> 2.73 | P36: =+$O36*E36 -> 5.46 | Q36: =+$O36*F36 -> 16.38 | R36: =+$O36*G36 -> 21.84 | S36: =J36*($B$6) -> 4.02 | T36: =+$S36*E36 -> 8.04 | U36: =+$S36*F36 -> 24.12 | V36: =+$S36*G36 -> 32.16
D37: Realizar Informe de la visita de inspección | E37: 8 | F37: 8 | G37: 24 | H37: Por vigilado inspeccionado | J37: 0.03 | K37: 0 | L37: =+K37*E37 -> 0 | M37: =+L37*F37 -> 0 | N37: =+M37*G37 -> 0 | O37: =J37*($B$5) -> 2.73 | P37: =+$O37*E37 -> 21.84 | Q37: =+$O37*F37 -> 21.84 | R37: =+$O37*G37 -> 65.52 | S37: =J37*($B$6) -> 4.02 | T37: =+$S37*E37 -> 32.16 | U37: =+$S37*F37 -> 32.16 | V37: =+$S37*G37 -> 96.48
D38: requerimiento de acciones de mejora (20% de vigilados inspeccionados) | E38: 0.2 | F38: 4 | G38: 8 | H38: Por vigilado inspeccionado | I38: 20% de los inspeccionados | J38: 0.2 | K38: 0 | L38: =+K38*E38 -> 0 | M38: =+L38*F38 -> 0 | N38: =+M38*G38 -> 0 | O38: =+J38*O37 -> 0.546 | P38: =+$O38*E38 -> 0.1092 | Q38: =+$O38*F38 -> 2.184 | R38: =+$O38*G38 -> 4.368 | S38: =J38*S37 -> 0.804 | T38: =+$S38*E38 -> 0.1608 | U38: =+$S38*F38 -> 3.216 | V38: =+$S38*G38 -> 6.432
D39: Seguimiento al requerimiento y a las acciones de mejora (30% sin seguimiento de los requeridos) | E39: 0.2 | F39: 4 | G39: 8 | H39: Por vigilado inspeccionado | I39: 70% de los que tuvieron requerimiento | J39: 0.7 | K39: 0 | L39: =+K39*E39 -> 0 | M39: =+L39*F39 -> 0 | N39: =+M39*G39 -> 0 | O39: =+J39*O38 -> 0.3822 | P39: =+$O39*E39 -> 0.07644 | Q39: =+$O39*F39 -> 1.5288 | R39: =+$O39*G39 -> 3.0576 | S39: =J39*S38 -> 0.5628 | T39: =+$S39*E39 -> 0.11256 | U39: =+$S39*F39 -> 2.2512 | V39: =+$S39*G39 -> 4.5024
C40: Inspecciones documentales | D40: Solicitud de información individua al vigilado en caso de que se requiera | E40: 1 | F40: 4 | G40: 8 | H40: Por vigilado requerido | I40: 1 % vigilados | J40: 0.01 | K40: 0 | L40: =+$K40*E40 -> 0 | M40: =+$K40*F40 -> 0 | N40: =+$K40*G40 -> 0 | O40: =J40*($B$5) -> 0.91 | P40: =+$O40*E40 -> 0.91 | Q40: =+$O40*F40 -> 3.64 | R40: =+$O40*G40 -> 7.28 | S40: =J40*($B$6) -> 1.34 | T40: =+$S40*E40 -> 1.34 | U40: =+$S40*F40 -> 5.36 | V40: =+$S40*G40 -> 10.72
D41: Análisis y seguimiento sobre las acciones necesarias (requerimiento de acción de mejora, remisión a investigación para estudio de merito de investigación o sometimiento a control) | E41: 8 | F41: 12 | G41: 24 | H41: Por vigilado requerido | I41: 1 % vigilados | J41: 0.01 | K41: 0 | L41: =+$K41*E41 -> 0 | M41: =+$K41*F41 -> 0 | N41: =+$K41*G41 -> 0 | O41: =J41*($B$5) -> 0.91 | P41: =+$O41*E41 -> 7.28 | Q41: =+$O41*F41 -> 10.92 | R41: =+$O41*G41 -> 21.84 | S41: =J41*($B$6) -> 1.34 | T41: =+$S41*E41 -> 10.72 | U41: =+$S41*F41 -> 16.08 | V41: =+$S41*G41 -> 32.16
A42: TOTAL HORAS | L42: =+SUM(L11:L41) -> 68.254029 | M42: =+SUM(M11:M41) -> 192.57275 | N42: =+SUM(N11:N41) -> 397.37507 | P42: =+SUM(P11:P41) -> 122.76196 | Q42: =+SUM(Q11:Q41) -> 746.9692 | R42: =+SUM(R11:R41) -> 1131.4184 | T42: =+SUM(T11:T41) -> 2444.599 | U42: =+SUM(U11:U41) -> 7518.988 | V42: =+SUM(V11:V41) -> 14925.187
A44: Nota: la información de vigilados se obtuvo de los ingresos reportados 2024

Sheet Tránsito
A1: Cálculo de participación por vigilancia
A2: Paso 1. | X2: Paso 6.
A3: Total vigilados | B3: =+SUM(B4:B6) -> 7677 | C3: Nota: La información corresponde a los vigilados que reportaron información financiera. | X3: Tipo de vigilancia | Y3: Min | Z3: Med | AA3: Max
A4: Objetiva | B4: 80 | X4: Objetiva | Y4: =+L42 -> 1856.1308 | Z4: =+M42 -> 6959.4005 | AA4: =+N42 -> 378772.21
A5: Subjetiva | B5: 337 | X5: Subjetiva | Y5: =+P42 -> 63309.621 | Z5: =+Q42 -> 79978.965 | AA5: =+R42 -> 97098.234
A6: Integral | B6: 7260 | X6: Integral | Y6: =+T42 -> 1532324.7 | Z6: =+U42 -> 1937203.5 | AA6: =+V42 -> 2356522.7
A10: Paso 2. | E10: Paso 3. | H10: Paso 4. | L10: Paso 5. | X10: Paso 7.
A11: Proceso | B11: Procedimiento | D11: Actividad | E11: Horas | H11: Magnitud | K11: OBJETIVA - Total horas | O11: SUBJETIVA - Total horas | S11: INTEGRAL - Total horas | X11: Total horas | Y11: =+SUM(Y4:Y6) -> 1597490.5 | Z11: =+SUM(Z4:Z6) -> 2024141.8 | AA11: =+SUM(AA4:AA6) -> 2832393.1 | AB11: Promedio de participación
E12: Min | F12: Med | G12: Max | H12: Descripción | J12: % | K12: Universo final | L12: Min | M12: Med | N12: Max | O12: Universo final | P12: Min | Q12: Med | R12: Max | S12: Universo final | T12: Min | U12: Med | V12: Max | X12: Participación de supervisión Objetiva | Y12: =+Y4/Y11 -> 0.0011619041 | Z12: =+Z4/Z11 -> 0.003438198 | AA12: =+AA4/AA11 -> 0.13372869 | AB12: =+AVERAGE(Y12:AA12) -> 0.046109596
A13: Vigilancia o autogestión | B13: Vigilancia Objetiva | D13: Conceptos de sustentabilidad financiera | E13: 40 | F13: 60 | G13: 80 | H13: Transporte especial | I13: 290 | K13: =+I13*(B4/(B4+B6)) -> 3.1607629 | L13: =+$K13*E13 -> 126.43052 | M13: =+$K13*F13 -> 189.64578 | N13: =+$K13*G13 -> 252.86104 | O13: 0 | P13: =+O13*E13 -> 0 | Q13: =+P13*F13 -> 0 | R13: =+Q13*G13 -> 0 | S13: =+I13*($B$6/($B$4+$B$6)) -> 286.83924 | T13: =+$S13*E13 -> 11473.569 | U13: =+$S13*F13 -> 17210.354 | V13: =+$S13*G13 -> 22947.139 | X13: Participación de supervisión Subjetiva | Y13: =+Y5/Y11 -> 0.039630672 | Z13: =+Z5/Z11 -> 0.03951253 | AA13: =+AA5/AA11 -> 0.034281341 | AB13: =+AVERAGE(Y13:AA13) -> 0.037808181
D14: Aprobación contratos de temporada alta | E14: 100 | F14: 125 | G14: 150 | H14: Transporte especial | I14: 1089 | K14: =+I14*(B4/(B4+B6)) -> 11.86921 | L14: =+$K14*E14 -> 1186.921 | M14: =+$K14*F14 -> 1483.6512 | N14: =+$K14*G14 -> 1780.3815 | O14: 0 | P14: =+O14*E14 -> 0 | Q14: =+P14*F14 -> 0 | R14: =+Q14*G14 -> 0 | S14: =+I14*($B$6/($B$4+$B$6)) -> 1077.1308 | T14: =+$S14*E14 -> 107713.08 | U14: =+$S14*F14 -> 134641.35 | V14: =+$S14*G14 -> 161569.62 | X14: Participación de supervisión Integral | Y14: =+Y6/Y11 -> 0.95920742 | Z14: =+Z6/Z11 -> 0.95704927 | AA14: =+AA6/AA11 -> 0.83198997 | AB14: =+AVERAGE(Y14:AA14) -> 0.91608222
B15: Vigilancia Subjetiva | D15: Autorización Reformas estatutarias (análisis de la documentación, requerimientos de información, expedición acto administrativo) | E15: 160 | F15: 200 | G15: 240 | H15: Para todos los vigilados | K15: 0 | L15: 0 | M15: 0 | N15: 0 | O15: =+B5 -> 337 | P15: =+$O15*E15 -> 53920 | Q15: =+$O15*F15 -> 67400 | R15: =+$O15*G15 -> 80880 | S15: =+B6 -> 7260 | T15: =+$S15*E15 -> 1161600 | U15: =+$S15*F15 -> 1452000 | V15: =+$S15*G15 -> 1742400
A16: Inspección | B16: Inspección Objetiva | C16: Visitas administrativas (generales, programas especiales) | D16: Preparación y requisitos de la inspección (antecedentes y papeles de trabajo) | E16: 4 | F16: 5 | G16: 6 | H16: Por vigilado inspeccionado | I16: 150 | K16: =+I16*($B$4/($B$4+$B$6)) -> 1.6348774 | L16: =+K16*E16 -> 6.5395095 | M16: =+L16*F16 -> 32.697548 | N16: =+M16*G16 -> 196.18529 | O16: 0 | P16: =+$O16*E16 -> 0 | Q16: =+$O16*F16 -> 0 | R16: =+$O16*G16 -> 0 | S16: =+I16*($B$6/($B$4+$B$6)) -> 148.36512 | T16: =+$S16*E16 -> 593.46049 | U16: =+$S16*F16 -> 741.82561 | V16: =+$S16*G16 -> 890.19074
D17: Realización de la inspección (acta de visita de inspección) | E17: 8 | F17: 20 | G17: 24 | H17: Por vigilado inspeccionado | I17: 150 | K17: =+I17*($B$4/($B$4+$B$6)) -> 1.6348774 | L17: =+K17*E17 -> 13.079019 | M17: =+L17*F17 -> 261.58038 | N17: =+M17*G17 -> 6277.9292 | O17: 0 | P17: =+$O17*E17 -> 0 | Q17: =+$O17*F17 -> 0 | R17: =+$O17*G17 -> 0 | S17: =+I17*($B$6/($B$4+$B$6)) -> 148.36512 | T17: =+$S17*E17 -> 1186.921 | U17: =+$S17*F17 -> 2967.3025 | V17: =+$S17*G17 -> 3560.7629
D18: Realizar Informe de la visita de inspección | E18: 40 | F18: 50 | G18: 100 | H18: Por vigilado inspeccionado | I18: 150 | K18: =+I18*($B$4/($B$4+$B$6)) -> 1.6348774 | L18: =+K18*E18 -> 65.395095 | M18: =+L18*F18 -> 3269.7548 | N18: =+M18*G18 -> 326975.48 | O18: 0 | P18: =+$O18*E18 -> 0 | Q18: =+$O18*F18 -> 0 | R18: =+$O18*G18 -> 0 | S18: =+I18*($B$6/($B$4+$B$6)) -> 148.36512 | T18: =+$S18*E18 -> 5934.6049 | U18: =+$S18*F18 -> 7418.2561 | V18: =+$S18*G18 -> 14836.512
D19: Requerimiento de acciones de mejora | E19: 4 | F19: 6 | G19: 8 | H19: Por vigilado inspeccionado | I19: 150 | K19: =+I19*($B$4/($B$4+$B$6)) -> 1.6348774 | L19: =+K19*E19 -> 6.5395095 | M19: =+L19*F19 -> 39.237057 | N19: =+M19*G19 -> 313.89646 | O19: 0 | P19: =+$O19*E19 -> 0 | Q19: =+$O19*F19 -> 0 | R19: =+$O19*G19 -> 0 | S19: =+I19*($B$6/($B$4+$B$6)) -> 148.36512 | T19: =+$S19*E19 -> 593.46049 | U19: =+$S19*F19 -> 890.19074 | V19: =+$S19*G19 -> 1186.921
D20: Seguimiento al requerimiento y a las acciones de mejora | E20: 24 | F20: 30 | G20: 36 | H20: Por vigilado inspeccionado | I20: 150 | K20: =+I20*($B$4/($B$4+$B$6)) -> 1.6348774 | L20: =+K20*E20 -> 39.237057 | M20: =+L20*F20 -> 1177.1117 | N20: =+M20*G20 -> 42376.022 | O20: 0 | P20: =+$O20*E20 -> 0 | Q20: =+$O20*F20 -> 0 | R20: =+$O20*G20 -> 0 | S20: =+I20*($B$6/($B$4+$B$6)) -> 148.36512 | T20: =+$S20*E20 -> 3560.7629 | U20: =+$S20*F20 -> 4450.9537 | V20: =+$S20*G20 -> 5341.1444
C21: Inspecciones in situ (operativos) | D21: Realización de operativos | E21: 30 | F21: 35 | G21: 40 | H21: Por infraestructura seleccionada | I21: 1000 | K21: =+I21*($B$4/($B$4+$B$6)) -> 10.899183 | L21: =+$K21*E21 -> 326.97548 | M21: =+$K21*F21 -> 381.47139 | N21: =+$K21*G21 -> 435.9673 | O21: 0 | P21: =+$O21*E21 -> 0 | Q21: =+$O21*F21 -> 0 | R21: =+$O21*G21 -> 0 | S21: =+I21*($B$6/($B$4+$B$6)) -> 989.10082 | T21: =+$S21*E21 -> 29673.025 | U21: =+$S21*F21 -> 34618.529 | V21: =+$S21*G21 -> 39564.033
D22: Actividades de Promoción (Capacitaciones, mesas de trabajo, socializaciones…) | E22: 100 | F22: 150 | G22: 200 | H22: Por actividad de promoción por vigilado | I22: 36 | K22: =+I22*($B$4/($B$4+$B$6)) -> 0.39237057 | L22: =+$K22*E22 -> 39.237057 | M22: =+$K22*F22 -> 58.855586 | N22: =+$K22*G22 -> 78.474114 | O22: 0 | P22: =+$O22*E22 -> 0 | Q22: =+$O22*F22 -> 0 | R22: =+$O22*G22 -> 0 | S22: =+I22*($B$6/($B$4+$B$6)) -> 35.607629 | T22: =+$S22*E22 -> 3560.7629 | U22: =+$S22*F22 -> 5341.1444 | V22: =+$S22*G22 -> 7121.5259
C23: Inspecciones documentales | D23: Solicitud de información individual al vigilado en caso de que se requiera | E23: 4 | F23: 8 | G23: 12 | H23: Por vigilado requerido | I23: 150 | K23: =+I23*($B$4/($B$4+$B$6)) -> 1.6348774 | L23: =+$K23*E23 -> 6.5395095 | M23: =+$K23*F23 -> 13.079019 | N23: =+$K23*G23 -> 19.618529 | O23: 0 | P23: =+$O23*E23 -> 0 | Q23: =+$O23*F23 -> 0 | R23: =+$O23*G23 -> 0 | S23: =+I23*($B$6/($B$4+$B$6)) -> 148.36512 | T23: =+$S23*E23 -> 593.46049 | U23: =+$S23*F23 -> 1186.921 | V23: =+$S23*G23 -> 1780.3815
D24: Análisis y seguimiento sobre las acciones necesarias (requerimiento de acción de mejora, remisión a investigación para estudio de merito de investigación o sometimiento a control) | E24: 24 | F24: 32 | G24: 40 | H24: Por vigilado requerido | I24: 150 | K24: =+I24*($B$4/($B$4+$B$6)) -> 1.6348774 | L24: =+$K24*E24 -> 39.237057 | M24: =+$K24*F24 -> 52.316076 | N24: =+$K24*G24 -> 65.395095 | O24: 0 | P24: =+$O24*E24 -> 0 | Q24: =+$O24*F24 -> 0 | R24: =+$O24*G24 -> 0 | S24: =+I24*($B$6/($B$4+$B$6)) -> 148.36512 | T24: =+$S24*E24 -> 3560.7629 | U24: =+$S24*F24 -> 4747.6839 | V24: =+$S24*G24 -> 5934.6049
B25: Inspección Subjetiva | C25: Visitas administrativas (generales) | D25: Preparación y requisitos de la inspección (antecedentes y papeles de trabajo) | E25: 12 | F25: 18 | G25: 24 | H25: Por vigilado inspeccionado | I25: 150 | K25: 0 | L25: =+$K25*E25 -> 0 | M25: =+$K25*F25 -> 0 | N25: =+$K25*G25 -> 0 | O25: =+I25*($B$5/($B$5+$B$6)) -> 6.6539423 | P25: =+$O25*E25 -> 79.847308 | Q25: =+$O25*F25 -> 119.77096 | R25: =+$O25*G25 -> 159.69462 | S25: =+I25*($B$6/($B$5+$B$6)) -> 143.34606 | T25: =+$S25*E25 -> 1720.1527 | U25: =+$S25*F25 -> 2580.229 | V25: =+$S25*G25 -> 3440.3054
D26: Realización de la inspección (acta de visita de inspección) | E26: 8 | F26: 20 | G26: 24 | H26: Por vigilado inspeccionado | I26: 150 | K26: 0 | L26: =+$K26*E26 -> 0 | M26: =+$K26*F26 -> 0 | N26: =+$K26*G26 -> 0 | O26: =+I26*($B$5/($B$5+$B$6)) -> 6.6539423 | P26: =+$O26*E26 -> 53.231539 | Q26: =+$O26*F26 -> 133.07885 | R26: =+$O26*G26 -> 159.69462 | S26: =+I26*($B$6/($B$5+$B$6)) -> 143.34606 | T26: =+$S26*E26 -> 1146.7685 | U26: =+$S26*F26 -> 2866.9212 | V26: =+$S26*G26 -> 3440.3054
D27: Realizar Informe de la visita de inspección | E27: 40 | F27: 50 | G27: 100 | H27: Por vigilado inspeccionado | I27: 150 | K27: 0 | L27: =+$K27*E27 -> 0 | M27: =+$K27*F27 -> 0 | N27: =+$K27*G27 -> 0 | O27: =+I27*($B$5/($B$5+$B$6)) -> 6.6539423 | P27: =+$O27*E27 -> 266.15769 | Q27: =+$O27*F27 -> 332.69712 | R27: =+$O27*G27 -> 665.39423 | S27: =+I27*($B$6/($B$5+$B$6)) -> 143.34606 | T27: =+$S27*E27 -> 5733.8423 | U27: =+$S27*F27 -> 7167.3029 | V27: =+$S27*G27 -> 14334.606
D28: requerimiento de acciones de mejora | E28: 4 | F28: 6 | G28: 8 | H28: Por vigilado inspeccionado | I28: 150 | K28: 0 | L28: =+$K28*E28 -> 0 | M28: =+$K28*F28 -> 0 | N28: =+$K28*G28 -> 0 | O28: =+I28*($B$5/($B$5+$B$6)) -> 6.6539423 | P28: =+$O28*E28 -> 26.615769 | Q28: =+$O28*F28 -> 39.923654 | R28: =+$O28*G28 -> 53.231539 | S28: =+I28*($B$6/($B$5+$B$6)) -> 143.34606 | T28: =+$S28*E28 -> 573.38423 | U28: =+$S28*F28 -> 860.07635 | V28: =+$S28*G28 -> 1146.7685
D29: Seguimiento al requerimiento y a las acciones de mejora | E29: 24 | F29: 30 | G29: 36 | H29: Por vigilado inspeccionado | I29: 150 | K29: 0 | L29: =+$K29*E29 -> 0 | M29: =+$K29*F29 -> 0 | N29: =+$K29*G29 -> 0 | O29: =+I29*($B$5/($B$5+$B$6)) -> 6.6539423 | P29: =+$O29*E29 -> 159.69462 | Q29: =+$O29*F29 -> 199.61827 | R29: =+$O29*G29 -> 239.54192 | S29: =+I29*($B$6/($B$5+$B$6)) -> 143.34606 | T29: =+$S29*E29 -> 3440.3054 | U29: =+$S29*F29 -> 4300.3817 | V29: =+$S29*G29 -> 5160.4581
C30: Inspecciones virtuales (generales ) | D30: Preparación y requisitos de la inspección (antecedentes y papeles de trabajo) | E30: 8 | F30: 16 | G30: 24 | H30: Por vigilado inspeccionado | I30: 50 | K30: 0 | L30: =+$K30*E30 -> 0 | M30: =+$K30*F30 -> 0 | N30: =+$K30*G30 -> 0 | O30: =+I30*($B$5/($B$5+$B$6)) -> 2.2179808 | P30: =+$O30*E30 -> 17.743846 | Q30: =+$O30*F30 -> 35.487693 | R30: =+$O30*G30 -> 53.231539 | S30: =+I30*($B$6/($B$5+$B$6)) -> 47.782019 | T30: =+$S30*E30 -> 382.25615 | U30: =+$S30*F30 -> 764.51231 | V30: =+$S30*G30 -> 1146.7685
D31: Realización de la inspección (acta de visita de inspección) | E31: 8 | F31: 8 | G31: 8 | H31: Por vigilado inspeccionado | I31: 50 | K31: 0 | L31: =+$K31*E31 -> 0 | M31: =+$K31*F31 -> 0 | N31: =+$K31*G31 -> 0 | O31: =+I31*($B$5/($B$5+$B$6)) -> 2.2179808 | P31: =+$O31*E31 -> 17.743846 | Q31: =+$O31*F31 -> 17.743846 | R31: =+$O31*G31 -> 17.743846 | S31: =+I31*($B$6/($B$5+$B$6)) -> 47.782019 | T31: =+$S31*E31 -> 382.25615 | U31: =+$S31*F31 -> 382.25615 | V31: =+$S31*G31 -> 382.25615
D32: Realizar Informe de la visita de inspección | E32: 40 | F32: 50 | G32: 100 | H32: Por vigilado inspeccionado | I32: 50 | K32: 0 | L32: =+$K32*E32 -> 0 | M32: =+$K32*F32 -> 0 | N32: =+$K32*G32 -> 0 | O32: =+I32*($B$5/($B$5+$B$6)) -> 2.2179808 | P32: =+$O32*E32 -> 88.719231 | Q32: =+$O32*F32 -> 110.89904 | R32: =+$O32*G32 -> 221.79808 | S32: =+I32*($B$6/($B$5+$B$6)) -> 47.782019 | T32: =+$S32*E32 -> 1911.2808 | U32: =+$S32*F32 -> 2389.101 | V32: =+$S32*G32 -> 4778.2019
D33: requerimiento de acciones de mejora | E33: 4 | F33: 6 | G33: 8 | H33: Por vigilado inspeccionado | I33: 50 | K33: 0 | L33: =+$K33*E33 -> 0 | M33: =+$K33*F33 -> 0 | N33: =+$K33*G33 -> 0 | O33: =+I33*($B$5/($B$5+$B$6)) -> 2.2179808 | P33: =+$O33*E33 -> 8.8719231 | Q33: =+$O33*F33 -> 13.307885 | R33: =+$O33*G33 -> 17.743846 | S33: =+I33*($B$6/($B$5+$B$6)) -> 47.782019 | T33: =+$S33*E33 -> 191.12808 | U33: =+$S33*F33 -> 286.69212 | V33: =+$S33*G33 -> 382.25615
D34: Seguimiento al requerimiento y a las acciones de mejora | E34: 24 | F34: 30 | G34: 36 | H34: Por vigilado inspeccionado | I34: 50 | K34: 0 | L34: =+$K34*E34 -> 0 | M34: =+$K34*F34 -> 0 | N34: =+$K34*G34 -> 0 | O34: =+I34*($B$5/($B$5+$B$6)) -> 2.2179808 | P34: =+$O34*E34 -> 53.231539 | Q34: =+$O34*F34 -> 66.539423 | R34: =+$O34*G34 -> 79.847308 | S34: =+I34*($B$6/($B$5+$B$6)) -> 47.782019 | T34: =+$S34*E34 -> 1146.7685 | U34: =+$S34*F34 -> 1433.4606 | V34: =+$S34*G34 -> 1720.1527
C35: Inspecciones documentales | D35: Análisis de la información financiera reportada a través de VIGIA | E35: 24 | F35: 32 | G35: 40 | H35: Por vigilado | I35: 1 | J35: 1 | K35: 0 | L35: =+$K35*E35 -> 0 | M35: =+$K35*F35 -> 0 | N35: =+$K35*G35 -> 0 | O35: =+$J35*$B$5 -> 337 | P35: =+$O35*E35 -> 8088 | Q35: =+$O35*F35 -> 10784 | R35: =+$O35*G35 -> 13480 | S35: =+B6 -> 7260 | T35: =+$S35*E35 -> 174240 | U35: =+$S35*F35 -> 232320 | V35: =+$S35*G35 -> 290400
D36: Requerimiento de información | E36: 4 | F36: 6 | G36: 8 | H36: Por vigilado | I36: 0.2 | J36: 0.2 | K36: 0 | L36: =+$K36*E36 -> 0 | M36: =+$K36*F36 -> 0 | N36: =+$K36*G36 -> 0 | O36: =+$J36*$B$5 -> 67.4 | P36: =+$O36*E36 -> 269.6 | Q36: =+$O36*F36 -> 404.4 | R36: =+$O36*G36 -> 539.2 | S36: =+J36*S35 -> 1452 | T36: =+$S36*E36 -> 5808 | U36: =+$S36*F36 -> 8712 | V36: =+$S36*G36 -> 11616
D37: Visita de inspección | E37: 8 | F37: 8 | G37: 8 | H37: Por vigilado | I37: 0.01 | J37: 0.01 | K37: 0 | L37: =+$K37*E37 -> 0 | M37: =+$K37*F37 -> 0 | N37: =+$K37*G37 -> 0 | O37: =+$J37*$B$5 -> 3.37 | P37: =+$O37*E37 -> 26.96 | Q37: =+$O37*F37 -> 26.96 | R37: =+$O37*G37 -> 26.96 | S37: =+J37*S35 -> 72.6 | T37: =+$S37*E37 -> 580.8 | U37: =+$S37*F37 -> 580.8 | V37: =+$S37*G37 -> 580.8
D38: Realizar Informe de la visita de inspección | E38: 40 | F38: 50 | G38: 100 | H38: Por vigilado | I38: 0.01 | J38: 0.01 | K38: 0 | L38: =+$K38*E38 -> 0 | M38: =+$K38*F38 -> 0 | N38: =+$K38*G38 -> 0 | O38: =+$J38*$B$5 -> 3.37 | P38: =+$O38*E38 -> 134.8 | Q38: =+$O38*F38 -> 168.5 | R38: =+$O38*G38 -> 337 | S38: =+J38*S35 -> 72.6 | T38: =+$S38*E38 -> 2904 | U38: =+$S38*F38 -> 3630 | V38: =+$S38*G38 -> 7260
D39: requerimiento de acciones de mejora | E39: 4 | F39: 6 | G39: 8 | H39: Por vigilado | I39: 0.9% | J39: 0.009 | K39: 0 | L39: =+$K39*E39 -> 0 | M39: =+$K39*F39 -> 0 | N39: =+$K39*G39 -> 0 | O39: =+$J39*$B$5 -> 3.033 | P39: =+$O39*E39 -> 12.132 | Q39: =+$O39*F39 -> 18.198 | R39: =+$O39*G39 -> 24.264 | S39: =+J39*$S$35 -> 65.34 | T39: =+$S39*E39 -> 261.36 | U39: =+$S39*F39 -> 392.04 | V39: =+$S39*G39 -> 522.72
D40: Seguimiento al requerimiento y a las acciones de mejora | E40: 24 | F40: 30 | G40: 36 | H40: Por vigilado | I40: 0.9% | J40: 0.009 | K40: 0 | L40: =+$K40*E40 -> 0 | M40: =+$K40*F40 -> 0 | N40: =+$K40*G40 -> 0 | O40: =+$J40*$B$5 -> 3.033 | P40: =+$O40*E40 -> 72.792 | Q40: =+$O40*F40 -> 90.99 | R40: =+$O40*G40 -> 109.188 | S40: =+J40*$S$35 -> 65.34 | T40: =+$S40*E40 -> 1568.16 | U40: =+$S40*F40 -> 1960.2 | V40: =+$S40*G40 -> 2352.24
D41: Informe motivado de sometimiento a control | E41: 40 | F41: 50 | G41: 100 | H41: Por vigilado | I41: 0.001 | J41: 0.001 | K41: 0 | L41: =+$K41*E41 -> 0 | M41: =+$K41*F41 -> 0 | N41: =+$K41*G41 -> 0 | O41: =+$J41*$B$5 -> 0.337 | P41: =+$O41*E41 -> 13.48 | Q41: =+$O41*F41 -> 16.85 | R41: =+$O41*G41 -> 33.7 | S41: =+J41*$S$35 -> 7.26 | T41: =+$S41*E41 -> 290.4 | U41: =+$S41*F41 -> 363 | V41: =+$S41*G41 -> 726
A42: TOTAL HORAS | L42: =SUM(L13:L41) -> 1856.1308 | M42: =SUM(M13:M41) -> 6959.4005 | N42: =SUM(N13:N41) -> 378772.21 | P42: =SUM(P13:P41) -> 63309.621 | Q42: =SUM(Q13:Q41) -> 79978.965 | R42: =SUM(R13:R41) -> 97098.234 | T42: =SUM(T13:T41) -> 1532324.7 | U42: =SUM(U13:U41) -> 1937203.5 | V42: =SUM(V13:V41) -> 2356522.7
A44: Nota: la información de vigilados se obtuvo de los ingresos reportados 2024

Sheet CEV 2026
A1: Cálculos de los Betas
B18: Actividades de la Delegatura para la Protección de Usuarios Año 2025
B19: 2025 | C19: Por Modos de Transporte | G19: Otros | H19: Total
B20: Conceptos | C20: Aéreo | D20: Férreo | E20: Fluvial y Marítimo | F20: Terrestre
B21: No. de PQRSD gestionadas | C21: 17783 | D21: 0 | E21: 12 | F21: 5736 | G21: 169 | H21: =SUM(C21:G21) -> 23700 | I21: Ok- validado y corregido
B22: No. de programas de promoción y prevención realizados | C22: 5 | D22: 0 | E22: 3 | F22: 9 | G22: 3 | H22: =SUM(C22:G22) -> 20
B23: No. de investigaciones iniciadas. | C23: 117 | D23: 0 | E23: 1 | F23: 30 | G23: 0 | H23: =SUM(C23:G23) -> 148
B26: Participación por Delegaturas en las actividades de la Delegatura para la Protección de Usuarios Año 2025
B27: 2022 | C27: Por Delegaturas | G27: Total
B28: Conceptos | C28: Puertos | D28: Concesiones | E28: Tránsito | F28: Otros
B29: No. de PQRSD gestionadas | C29: =E21/H21 -> 0.00050632911 | D29: =(C21+D21)/H21 -> 0.75033755 | E29: =F21/H21 -> 0.24202532 | F29: =G21/H21 -> 0.0071308017 | G29: =SUM(C29:F29) -> 1
B30: No. de programas de promoción y prevención realizados | C30: =E22/H22 -> 0.15 | D30: =(C22+D22)/H22 -> 0.25 | E30: =F22/H22 -> 0.45 | F30: =G22/H22 -> 0.15 | G30: =SUM(C30:F30) -> 1
B31: No. de investigaciones iniciadas. | C31: =E23/H23 -> 0.0067567568 | D31: =(C23+D23)/H23 -> 0.79054054 | E31: =F23/H23 -> 0.2027027 | F31: =G23/H23 -> 0 | G31: =SUM(C31:F31) -> 1
B32: Participación promedio | C32: =AVERAGE(C29:C31) -> 0.052421029 | D32: =AVERAGE(D29:D31) -> 0.59695936 | E32: =AVERAGE(E29:E31) -> 0.29824267 | F32: =AVERAGE(F29:F31) -> 0.052376934
B33: Distribución otros | C33: =+$F$32/3 -> 0.017458978 | D33: =+$F$32/3 -> 0.017458978 | E33: =+$F$32/3 -> 0.017458978
B34: Ponderador | C34: =+C32+C33 -> 0.069880007 | D34: =+D32+D33 -> 0.61441834 | E34: =+E32+E33 -> 0.31570165 | G34: =AVERAGE(G29:G31) -> 1
B37: Costos por Delegatura
B38: Concepto | C38: Delegatura puertos | D38: Delegatura Concesiones e infraestructura | E38: Delegatura Tránsito y transporte
B39: Costo por Delegatura Inicial | C39: =+'Presupuesto 2026'!C119 -> 20577858 | D39: =+'Presupuesto 2026'!D119 -> 18426845 | E39: =+'Presupuesto 2026'!E119 -> 54992506
B40: Distribución Delegatura para la Protección de Usuarios | C40: =+C34*'Presupuesto 2026'!$F$119 -> 1275735.9 | D40: =+D34*'Presupuesto 2026'!$F$119 -> 11216878 | E40: =+E34*'Presupuesto 2026'!$F$119 -> 5763478.5
B41: Costo x Delegatura | C41: =C40+C39 -> 21853593 | D41: =D40+D39 -> 29643724 | E41: =E40+E39 -> 60755985
B43: Costos por Tipo de Vigilancia
B44: Concepto | C44: Delegatura puertos | D44: Delegatura Concesiones e infraestructura | E44: Delegatura Tránsito y transporte | F44: Total en miles de pesos
B45: Costo vigilancia Objetiva | C45: =+$C$41*'Puertos '!AC9 -> 137505.05 | D45: =+$D$41*Concesiones!AB18 -> 719494.69 | E45: =+$E$41*Tránsito!AB12 -> 2801433.9 | F45: =SUM(C45:E45) -> 3658433.7
B46: Costo vigilancia Subjetiva | C46: =+$C$41*'Puertos '!AC10 -> 834352.97 | D46: =+$D$41*Concesiones!AB19 -> 2012317.5 | E46: =+$E$41*Tránsito!AB13 -> 2297073.3 | F46: =SUM(C46:E46) -> 5143743.8
B47: Costo vigilancia Integral | C47: =+$C$41*'Puertos '!AC11 -> 20881735 | D47: =+$D$41*Concesiones!AB20 -> 26911911 | E47: =+$E$41*Tránsito!AB14 -> 55657478 | F47: =SUM(C47:E47) -> 1.0345112e+08
B48: Total | C48: =SUM(C45:C47) -> 21853593 | D48: =SUM(D45:D47) -> 29643724 | E48: =SUM(E45:E47) -> 60755985 | F48: =SUM(F45:F47) -> 1.122533e+08
B50: Número de Vigilados
B51: Concepto | C51: Delegatura puertos | D51: Delegatura Concesiones e infraestructura | E51: Delegatura Tránsito y transporte
B52: Vigilancia Objetiva | C52: =+'Puertos '!B4 -> 3 | D52: =+Concesiones!B4 -> 4 | E52: =+Tránsito!B4 -> 80
B53: Vigilancia Subjetiva | C53: =+'Puertos '!B5 -> 16 | D53: =+Concesiones!B5 -> 91 | E53: =+Tránsito!B5 -> 337
B54: Vigilancia Integral | C54: =+'Puertos '!B6 -> 652 | D54: =+Concesiones!B6 -> 134 | E54: =+Tránsito!B6 -> 7260
B56: Costo Unitario por Tipo de Vigilancia Objetiva y Subjetiva
B57: Concepto | C57: Delegatura puertos | D57: Delegatura Concesiones e infraestructura | E57: Delegatura Tránsito y transporte
B58: Costo vigilancia Objetiva | C58: =+C45/C52 -> 45835.018 | D58: =+D45/D52 -> 179873.67 | E58: =+E45/E52 -> 35017.924
B59: Costo vigilancia Subjetiva | C59: =+C46/C53 -> 52147.061 | D59: =+D46/D53 -> 22113.38 | E59: =+E46/E53 -> 6816.2411
B60: Total | C60: =C59+C58 -> 97982.078 | D60: =D59+D58 -> 201987.05 | E60: =E59+E58 -> 41834.165
B63: Distribución porcentual de los costos por Tipo de Vigilancia Objetiva y Subjetiva
B64: Concepto | C64: Delegatura puertos | D64: Delegatura Concesiones e infraestructura | E64: Delegatura Tránsito y transporte
B65: Costo vigilancia Objetiva | C65: =(C58/$C$60) -> 0.46778981 | D65: =(D58/$D$60) -> 0.89052081 | E65: =(E58/$E$60) -> 0.8370652
B66: Costo vigilancia Subjetiva | C66: =(C59/$C$60) -> 0.53221019 | D66: =(D59/$D$60) -> 0.10947919 | E66: =(E59/$E$60) -> 0.1629348
B67: Total | C67: =C66+C65 -> 1 | D67: =D66+D65 -> 1 | E67: =E66+E65 -> 1
B69: Distribución de los costos por Tipo de Vigilancia Objetiva y Subjetiva
B70: Concepto | C70: Delegatura puertos | D70: Delegatura Concesiones e infraestructura | E70: Delegatura Tránsito y transporte | F70: Costos por vigilancia Total | G70: Ponderador por vigilancia Objetiva y Subjetiva | H70: Gamma y Alpha
B71: Costo vigilancia Objetiva | C71: =+C45+($C$47*C65) -> 9905768.1 | D71: =+D45+($D$47*D65) -> 24685112 | E71: =+E45+($E$47*E65) -> 49390372 | F71: =SUM(C71:E71) -> 83981252 | G71: =+F71/F73 -> 0.74814059 | H71: Gamma
B72: Costo vigilancia Subjetiva | C72: =+C46+($C$47*C66) -> 11947825 | D72: =+D46+($D$47*D66) -> 4958611.9 | E72: =+E46+($E$47*E66) -> 11365613 | F72: =SUM(C72:E72) -> 28272050 | G72: =+F72/F73 -> 0.25185941 | H72: Alpha
B73: Total | C73: =C72+C71 -> 21853593 | D73: =D72+D71 -> 29643724 | E73: =E72+E71 -> 60755985 | F73: =F72+F71 -> 1.122533e+08 | G73: =SUM(G71:G72) -> 1
B76: Metodología de Calculo de la CEV
B78: Factor | D78: Valor | E78: Total Presupuesto
B79: Presupuesto de funcionamiento de la entidad en t | D79: 71634302477 | E79: =+D79+D80 -> 112253302477
B80: Presupuesto de inversión de la entidad en t | D80: 40619000000
B81: Multas de los vigilados en t-1 | D81: 21909810252
B84: Ingresos Brutos Vigilados por Servicios de Transporte en t-1
B85: Integral | C85: 75753756961794
B86: Objetiva | C86: 1686865083953
B87: Subjetiva | C87: 40135104373073
C88: =SUM(C85:C87) -> 117575726418820
B91: Gamma | C91: =+G71 -> 0.74814059
B92: Alpha | C92: =+G72 -> 0.25185941
C95: =D79+D80-D81 -> 90343492225 | D95: =C95/C96 -> 0.0010369509
C96: =+C85+C86*C91+C87*C92 -> 8.7124173e+13
D99: =+D95 -> 0.0010369509
D100: =D95*C92 -> 0.00026116585
D101: =D95*C91 -> 0.00077578508
B105: Contribución de vigilancia subjetiva | C105: =+D100*C87 -> 1.0481919e+10
B106: Contribución de vigilancia objetiva | C106: =+D101*C86 -> 1.3086448e+09
B107: Contribución de vigilancia integral | C107: =D99*C85 -> 7.8552929e+10
B108: Total a Recaudar | C108: =SUM(C105:C107) -> 90343492225

Sheet Análisis Sens
A1: Sensibilidad | B1: Ingresos Vigilancia Integral | C1: Beta | D1: Variación del Beta | E1: Tarifa Objetiva | F1: Tarifa subjetiva | H1: Sensibilidad | I1: Ingresos Vigilancia Objetiva | J1: Beta | K1: Variación del Beta | L1: Tarifa Objetiva | M1: Tarifa subjetiva | O1: Sensibilidad | P1: Ingresos Vigilancia Subjetiva | Q1: Beta | R1: Variación del Beta | S1: Tarifa Objetiva | T1: Tarifa subjetiva
A2: =+A3-5% -> 0.75 | B2: =+$B$7*A2 -> 5.6815318e+13 | C2: =+'CEV 2026'!$C$95/(B2+('CEV 2026'!$C$86*'CEV 2026'!$C$91)+('CEV 2026'!$C$87*'CEV 2026'!$C$92)) -> 0.0013249618 | D2: =+(C2-$C$7)/$C$7 -> 0.27774783 | E2: =+C2*'CEV 2026'!$C$91 -> 0.0009912577 | F2: =+C2*'CEV 2026'!$C$92 -> 0.0003337041 | H2: =+H3-5% -> 0.75 | I2: =+$I$7*H2 -> 1.2651488e+12 | J2: =+'CEV 2026'!$C$95/('CEV 2026'!$C$85+(I2*'CEV 2026'!$C$91)+('CEV 2026'!$C$87*'CEV 2026'!$C$92)) -> 0.0010407197 | K2: =+(J2-$J$7)/$J$7 -> 0.0036344649 | L2: =+J2*'CEV 2026'!$C$91 -> 0.00077860465 | M2: =+J2*'CEV 2026'!$C$92 -> 0.00026211505 | O2: =+O3-5% -> 0.75 | P2: =+$P$7*O2 -> 3.0101328e+13 | Q2: =+'CEV 2026'!$C$95/('CEV 2026'!$C$85+('CEV 2026'!$C$86*'CEV 2026'!$C$91)+('Análisis Sens'!P2*'CEV 2026'!$C$92)) -> 0.0010679269 | R2: =+(Q2-$Q$7)/$Q$7 -> 0.029872203 | S2: =+Q2*'CEV 2026'!$C$91 -> 0.00079895949 | T2: =+Q2*'CEV 2026'!$C$92 -> 0.00026896745
A3: =+A4-5% -> 0.8 | B3: =+$B$7*A3 -> 6.0603006e+13 | C3: =+'CEV 2026'!$C$95/(B3+('CEV 2026'!$C$86*'CEV 2026'!$C$91)+('CEV 2026'!$C$87*'CEV 2026'!$C$92)) -> 0.0012552341 | D3: =+(C3-$C$7)/$C$7 -> 0.21050481 | E3: =+C3*'CEV 2026'!$C$91 -> 0.00093909157 | F3: =+C3*'CEV 2026'!$C$92 -> 0.00031614252 | H3: =+H4-5% -> 0.8 | I3: =+$I$7*H3 -> 1.3494921e+12 | J3: =+'CEV 2026'!$C$95/('CEV 2026'!$C$85+(I3*'CEV 2026'!$C$91)+('CEV 2026'!$C$87*'CEV 2026'!$C$92)) -> 0.0010399638 | K3: =+(J3-$J$7)/$J$7 -> 0.0029054599 | L3: =+J3*'CEV 2026'!$C$91 -> 0.00077803909 | M3: =+J3*'CEV 2026'!$C$92 -> 0.00026192466 | O3: =+O4-5% -> 0.8 | P3: =+$P$7*O3 -> 3.2108083e+13 | Q3: =+'CEV 2026'!$C$95/('CEV 2026'!$C$85+('CEV 2026'!$C$86*'CEV 2026'!$C$91)+('Análisis Sens'!P3*'CEV 2026'!$C$92)) -> 0.0010615846 | R3: =+(Q3-$Q$7)/$Q$7 -> 0.023755835 | S3: =+Q3*'CEV 2026'!$C$91 -> 0.0007942145 | T3: =+Q3*'CEV 2026'!$C$92 -> 0.00026737006
A4: =+A5-5% -> 0.85 | B4: =+$B$7*A4 -> 6.4390693e+13 | C4: =+'CEV 2026'!$C$95/(B4+('CEV 2026'!$C$86*'CEV 2026'!$C$91)+('CEV 2026'!$C$87*'CEV 2026'!$C$92)) -> 0.0011924785 | D4: =+(C4-$C$7)/$C$7 -> 0.14998544 | E4: =+C4*'CEV 2026'!$C$91 -> 0.00089214155 | F4: =+C4*'CEV 2026'!$C$92 -> 0.00030033692 | H4: =+H5-5% -> 0.85 | I4: =+$I$7*H4 -> 1.4338353e+12 | J4: =+'CEV 2026'!$C$95/('CEV 2026'!$C$85+(I4*'CEV 2026'!$C$91)+('CEV 2026'!$C$87*'CEV 2026'!$C$92)) -> 0.0010392089 | K4: =+(J4-$J$7)/$J$7 -> 0.0021775133 | L4: =+J4*'CEV 2026'!$C$91 -> 0.00077747436 | M4: =+J4*'CEV 2026'!$C$92 -> 0.00026173454 | O4: =+O5-5% -> 0.85 | P4: =+$P$7*O4 -> 3.4114839e+13 | Q4: =+'CEV 2026'!$C$95/('CEV 2026'!$C$85+('CEV 2026'!$C$86*'CEV 2026'!$C$91)+('Análisis Sens'!P4*'CEV 2026'!$C$92)) -> 0.0010553171 | R4: =+(Q4-$Q$7)/$Q$7 -> 0.017711687 | S4: =+Q4*'CEV 2026'!$C$91 -> 0.00078952554 | T4: =+Q4*'CEV 2026'!$C$92 -> 0.00026579154
A5: =+A6-5% -> 0.9 | B5: =+$B$7*A5 -> 6.8178381e+13 | C5: =+'CEV 2026'!$C$95/(B5+('CEV 2026'!$C$86*'CEV 2026'!$C$91)+('CEV 2026'!$C$87*'CEV 2026'!$C$92)) -> 0.001135699 | D5: =+(C5-$C$7)/$C$7 -> 0.095229293 | E5: =+C5*'CEV 2026'!$C$91 -> 0.00084966255 | F5: =+C5*'CEV 2026'!$C$92 -> 0.00028603649 | H5: =+H6-5% -> 0.9 | I5: =+$I$7*H5 -> 1.5181786e+12 | J5: =+'CEV 2026'!$C$95/('CEV 2026'!$C$85+(I5*'CEV 2026'!$C$91)+('CEV 2026'!$C$87*'CEV 2026'!$C$92)) -> 0.0010384552 | K5: =+(J5-$J$7)/$J$7 -> 0.0014506226 | L5: =+J5*'CEV 2026'!$C$91 -> 0.00077691045 | M5: =+J5*'CEV 2026'!$C$92 -> 0.0002615447 | O5: =+O6-5% -> 0.9 | P5: =+$P$7*O5 -> 3.6121594e+13 | Q5: =+'CEV 2026'!$C$95/('CEV 2026'!$C$85+('CEV 2026'!$C$86*'CEV 2026'!$C$91)+('Análisis Sens'!P5*'CEV 2026'!$C$92)) -> 0.0010491232 | R5: =+(Q5-$Q$7)/$Q$7 -> 0.011738489 | S5: =+Q5*'CEV 2026'!$C$91 -> 0.00078489163 | T5: =+Q5*'CEV 2026'!$C$92 -> 0.00026423154
A6: =+A7-5% -> 0.95 | B6: =+$B$7*A6 -> 7.1966069e+13 | C6: =+'CEV 2026'!$C$95/(B6+('CEV 2026'!$C$86*'CEV 2026'!$C$91)+('CEV 2026'!$C$87*'CEV 2026'!$C$92)) -> 0.0010840809 | D6: =+(C6-$C$7)/$C$7 -> 0.045450535 | E6: =+C6*'CEV 2026'!$C$91 -> 0.00081104493 | F6: =+C6*'CEV 2026'!$C$92 -> 0.00027303598 | H6: =+H7-5% -> 0.95 | I6: =+$I$7*H6 -> 1.6025218e+12 | J6: =+'CEV 2026'!$C$95/('CEV 2026'!$C$85+(I6*'CEV 2026'!$C$91)+('CEV 2026'!$C$87*'CEV 2026'!$C$92)) -> 0.0010377025 | K6: =+(J6-$J$7)/$J$7 -> 0.00072478561 | L6: =+J6*'CEV 2026'!$C$91 -> 0.00077634736 | M6: =+J6*'CEV 2026'!$C$92 -> 0.00026135514 | O6: =+O7-5% -> 0.95 | P6: =+$P$7*O6 -> 3.8128349e+13 | Q6: =+'CEV 2026'!$C$95/('CEV 2026'!$C$85+('CEV 2026'!$C$86*'CEV 2026'!$C$91)+('Análisis Sens'!P6*'CEV 2026'!$C$92)) -> 0.0010430015 | R6: =+(Q6-$Q$7)/$Q$7 -> 0.0058349973 | S6: =+Q6*'CEV 2026'!$C$91 -> 0.00078031179 | T6: =+Q6*'CEV 2026'!$C$92 -> 0.00026268975
A7: 1 | B7: {=+'CEV 2026'!C85:C85} -> 75753756961794 | C7: =+'CEV 2026'!$C$95/(B7+('CEV 2026'!$C$86*'CEV 2026'!$C$91)+('CEV 2026'!$C$87*'CEV 2026'!$C$92)) -> 0.0010369509 | D7: =+(C7-$C$7)/$C$7 -> 0 | E7: =+C7*'CEV 2026'!$C$91 -> 0.00077578508 | F7: =+C7*'CEV 2026'!$C$92 -> 0.00026116585 | H7: 1 | I7: =+'CEV 2026'!C86 -> 1686865083953 | J7: =+'CEV 2026'!$C$95/('CEV 2026'!$C$85+(I7*'CEV 2026'!$C$91)+('CEV 2026'!$C$87*'CEV 2026'!$C$92)) -> 0.0010369509 | K7: =+(J7-$J$7)/$J$7 -> 0 | L7: =+J7*'CEV 2026'!$C$91 -> 0.00077578508 | M7: =+J7*'CEV 2026'!$C$92 -> 0.00026116585 | O7: 1 | P7: =+'CEV 2026'!C87 -> 40135104373073 | Q7: =+'CEV 2026'!$C$95/('CEV 2026'!$C$85+('CEV 2026'!$C$86*'CEV 2026'!$C$91)+('Análisis Sens'!P7*'CEV 2026'!$C$92)) -> 0.0010369509 | R7: =+(Q7-$Q$7)/$Q$7 -> 0 | S7: =+Q7*'CEV 2026'!$C$91 -> 0.00077578508 | T7: =+Q7*'CEV 2026'!$C$92 -> 0.00026116585
A8: =+A7+5% -> 1.05 | B8: =+$B$7*A8 -> 7.9541445e+13 | C8: =+'CEV 2026'!$C$95/(B8+('CEV 2026'!$C$86*'CEV 2026'!$C$91)+('CEV 2026'!$C$87*'CEV 2026'!$C$92)) -> 0.00099374814 | D8: =+(C8-$C$7)/$C$7 -> -0.041663297 | E8: =+C8*'CEV 2026'!$C$91 -> 0.00074346332 | F8: =+C8*'CEV 2026'!$C$92 -> 0.00025028482 | H8: =+H7+5% -> 1.05 | I8: =+$I$7*H8 -> 1.7712083e+12 | J8: =+'CEV 2026'!$C$95/('CEV 2026'!$C$85+(I8*'CEV 2026'!$C$91)+('CEV 2026'!$C$87*'CEV 2026'!$C$92)) -> 0.0010362005 | K8: =+(J8-$J$7)/$J$7 -> -0.0007237365 | L8: =+J8*'CEV 2026'!$C$91 -> 0.00077522362 | M8: =+J8*'CEV 2026'!$C$92 -> 0.00026097683 | O8: =+O7+5% -> 1.05 | P8: =+$P$7*O8 -> 4.214186e+13 | Q8: =+'CEV 2026'!$C$95/('CEV 2026'!$C$85+('CEV 2026'!$C$86*'CEV 2026'!$C$91)+('Análisis Sens'!P8*'CEV 2026'!$C$92)) -> 0.0010309701 | R8: =+(Q8-$Q$7)/$Q$7 -> -0.0057676884 | S8: =+Q8*'CEV 2026'!$C$91 -> 0.0007713106 | T8: =+Q8*'CEV 2026'!$C$92 -> 0.00025965953
A9: =+A8+5% -> 1.1 | B9: =+$B$7*A9 -> 8.3329133e+13 | C9: =+'CEV 2026'!$C$95/(B9+('CEV 2026'!$C$86*'CEV 2026'!$C$91)+('CEV 2026'!$C$87*'CEV 2026'!$C$92)) -> 0.0009540013 | D9: =+(C9-$C$7)/$C$7 -> -0.079993789 | E9: =+C9*'CEV 2026'!$C$91 -> 0.00071372709 | F9: =+C9*'CEV 2026'!$C$92 -> 0.0002402742 | H9: =+H8+5% -> 1.1 | I9: =+$I$7*H9 -> 1.8555516e+12 | J9: =+'CEV 2026'!$C$95/('CEV 2026'!$C$85+(I9*'CEV 2026'!$C$91)+('CEV 2026'!$C$87*'CEV 2026'!$C$92)) -> 0.0010354511 | K9: =+(J9-$J$7)/$J$7 -> -0.0014464262 | L9: =+J9*'CEV 2026'!$C$91 -> 0.00077466297 | M9: =+J9*'CEV 2026'!$C$92 -> 0.00026078809 | O9: =+O8+5% -> 1.1 | P9: =+$P$7*O9 -> 4.4148615e+13 | Q9: =+'CEV 2026'!$C$95/('CEV 2026'!$C$85+('CEV 2026'!$C$86*'CEV 2026'!$C$91)+('Análisis Sens'!P9*'CEV 2026'!$C$92)) -> 0.0010250579 | R9: =+(Q9-$Q$7)/$Q$7 -> -0.011469226 | S9: =+Q9*'CEV 2026'!$C$91 -> 0.00076688743 | T9: =+Q9*'CEV 2026'!$C$92 -> 0.00025817048
A10: =+A9+5% -> 1.15 | B10: =+$B$7*A10 -> 8.7116821e+13 | C10: =+'CEV 2026'!$C$95/(B10+('CEV 2026'!$C$86*'CEV 2026'!$C$91)+('CEV 2026'!$C$87*'CEV 2026'!$C$92)) -> 0.00091731168 | D10: =+(C10-$C$7)/$C$7 -> -0.115376 | E10: =+C10*'CEV 2026'!$C$91 -> 0.0006862781 | F10: =+C10*'CEV 2026'!$C$92 -> 0.00023103358 | H10: =+H9+5% -> 1.15 | I10: =+$I$7*H10 -> 1.9398948e+12 | J10: =+'CEV 2026'!$C$95/('CEV 2026'!$C$85+(I10*'CEV 2026'!$C$91)+('CEV 2026'!$C$87*'CEV 2026'!$C$92)) -> 0.0010347027 | K10: =+(J10-$J$7)/$J$7 -> -0.0021680713 | L10: =+J10*'CEV 2026'!$C$91 -> 0.00077410312 | M10: =+J10*'CEV 2026'!$C$92 -> 0.00026059962 | O10: =+O9+5% -> 1.15 | P10: =+$P$7*O10 -> 4.615537e+13 | Q10: =+'CEV 2026'!$C$95/('CEV 2026'!$C$85+('CEV 2026'!$C$86*'CEV 2026'!$C$91)+('Análisis Sens'!P10*'CEV 2026'!$C$92)) -> 0.0010192131 | R10: =+(Q10-$Q$7)/$Q$7 -> -0.017105744 | S10: =+Q10*'CEV 2026'!$C$91 -> 0.0007625147 | T10: =+Q10*'CEV 2026'!$C$92 -> 0.00025669841
A11: =+A10+5% -> 1.2 | B11: =+$B$7*A11 -> 9.0904508e+13 | C11: =+'CEV 2026'!$C$95/(B11+('CEV 2026'!$C$86*'CEV 2026'!$C$91)+('CEV 2026'!$C$87*'CEV 2026'!$C$92)) -> 0.00088333961 | D11: =+(C11-$C$7)/$C$7 -> -0.1481375 | E11: =+C11*'CEV 2026'!$C$91 -> 0.00066086222 | F11: =+C11*'CEV 2026'!$C$92 -> 0.00022247739 | H11: =+H10+5% -> 1.2 | I11: =+$I$7*H11 -> 2.0242381e+12 | J11: =+'CEV 2026'!$C$95/('CEV 2026'!$C$85+(I11*'CEV 2026'!$C$91)+('CEV 2026'!$C$87*'CEV 2026'!$C$92)) -> 0.0010339555 | K11: =+(J11-$J$7)/$J$7 -> -0.0028886741 | L11: =+J11*'CEV 2026'!$C$91 -> 0.00077354409 | M11: =+J11*'CEV 2026'!$C$92 -> 0.00026041143 | O11: =+O10+5% -> 1.2 | P11: =+$P$7*O11 -> 4.8162125e+13 | Q11: =+'CEV 2026'!$C$95/('CEV 2026'!$C$85+('CEV 2026'!$C$86*'CEV 2026'!$C$91)+('Análisis Sens'!P11*'CEV 2026'!$C$92)) -> 0.0010134346 | R11: =+(Q11-$Q$7)/$Q$7 -> -0.022678349 | S11: =+Q11*'CEV 2026'!$C$91 -> 0.00075819156 | T11: =+Q11*'CEV 2026'!$C$92 -> 0.00025524304
A12: =+A11+5% -> 1.25 | B12: =+$B$7*A12 -> 9.4692196e+13 | C12: =+'CEV 2026'!$C$95/(B12+('CEV 2026'!$C$86*'CEV 2026'!$C$91)+('CEV 2026'!$C$87*'CEV 2026'!$C$92)) -> 0.00085179396 | D12: =+(C12-$C$7)/$C$7 -> -0.17855905 | E12: =+C12*'CEV 2026'!$C$91 -> 0.00063726164 | F12: =+C12*'CEV 2026'!$C$92 -> 0.00021453232 | H12: =+H11+5% -> 1.25 | I12: =+$I$7*H12 -> 2.1085814e+12 | J12: =+'CEV 2026'!$C$95/('CEV 2026'!$C$85+(I12*'CEV 2026'!$C$91)+('CEV 2026'!$C$87*'CEV 2026'!$C$92)) -> 0.0010332094 | K12: =+(J12-$J$7)/$J$7 -> -0.0036082368 | L12: =+J12*'CEV 2026'!$C$91 -> 0.00077298587 | M12: =+J12*'CEV 2026'!$C$92 -> 0.0002602235 | O12: =+O11+5% -> 1.25 | P12: =+$P$7*O12 -> 5.016888e+13 | Q12: =+'CEV 2026'!$C$95/('CEV 2026'!$C$85+('CEV 2026'!$C$86*'CEV 2026'!$C$91)+('Análisis Sens'!P12*'CEV 2026'!$C$92)) -> 0.0010077212 | R12: =+(Q12-$Q$7)/$Q$7 -> -0.028188121 | S12: =+Q12*'CEV 2026'!$C$91 -> 0.00075391716 | T12: =+Q12*'CEV 2026'!$C$92 -> 0.00025380407
A15: Sensibilidad | B15: Presupuesto de Funcionamiento | C15: Beta | D15: Variación del Beta | E15: Tarifa Objetiva | F15: Tarifa subjetiva | H15: Sensibilidad | I15: Presupuesto de Inversión | J15: Beta | K15: Variación del Beta | L15: Tarifa Objetiva | M15: Tarifa subjetiva | O15: Sensibilidad | P15: Multas | Q15: Beta | R15: Variación del Beta | S15: Tarifa Objetiva | T15: Tarifa subjetiva
A16: =+A17-5% -> 0.75 | B16: =+$B$21*A16 -> 5.3725727e+10 | C16: =+(B16+'CEV 2026'!#REF!-'CEV 2026'!$D$80)/('CEV 2026'!$C$85+('CEV 2026'!$C$86*'CEV 2026'!$C$91)+('CEV 2026'!$C$87*'CEV 2026'!$C$92)) -> #REF! | D16: =+(C16-$C$21)/$C$21 -> #REF! | E16: =+C16*'CEV 2026'!$C$91 -> #REF! | F16: =+C16*'CEV 2026'!$C$92 -> #REF! | H16: =+H17-5% -> 0.75 | I16: =+$I$21*H16 -> #REF! | J16: =+('CEV 2026'!$D$79+'Análisis Sens'!I16-'CEV 2026'!$D$80)/('CEV 2026'!$C$85+('CEV 2026'!$C$86*'CEV 2026'!$C$91)+('CEV 2026'!$C$87*'CEV 2026'!$C$92)) -> #REF! | K16: =+(J16-$J$21)/$J$21 -> #REF! | L16: =+J16*'CEV 2026'!$C$91 -> #REF! | M16: =+J16*'CEV 2026'!$C$92 -> #REF! | O16: =+O17-5% -> 0.75 | P16: =+$P$21*O16 -> 3.046425e+10 | Q16: =+('CEV 2026'!$D$79+'CEV 2026'!#REF!-P16)/('CEV 2026'!$C$85+('CEV 2026'!$C$86*'CEV 2026'!$C$91)+('CEV 2026'!$C$87*'CEV 2026'!$C$92)) -> #REF! | R16: =+(Q16-$Q$21)/$Q$21 -> #REF! | S16: =+Q16*'CEV 2026'!$C$91 -> #REF! | T16: =+Q16*'CEV 2026'!$C$92 -> #REF!
A17: =+A18-5% -> 0.8 | B17: =+$B$21*A17 -> 5.7307442e+10 | C17: =+(B17+'CEV 2026'!#REF!-'CEV 2026'!$D$80)/('CEV 2026'!$C$85+('CEV 2026'!$C$86*'CEV 2026'!$C$91)+('CEV 2026'!$C$87*'CEV 2026'!$C$92)) -> #REF! | D17: =+(C17-$C$21)/$C$21 -> #REF! | E17: =+C17*'CEV 2026'!$C$91 -> #REF! | F17: =+C17*'CEV 2026'!$C$92 -> #REF! | H17: =+H18-5% -> 0.8 | I17: =+$I$21*H17 -> #REF! | J17: =+('CEV 2026'!$D$79+'Análisis Sens'!I17-'CEV 2026'!$D$80)/('CEV 2026'!$C$85+('CEV 2026'!$C$86*'CEV 2026'!$C$91)+('CEV 2026'!$C$87*'CEV 2026'!$C$92)) -> #REF! | K17: =+(J17-$J$21)/$J$21 -> #REF! | L17: =+J17*'CEV 2026'!$C$91 -> #REF! | M17: =+J17*'CEV 2026'!$C$92 -> #REF! | O17: =+O18-5% -> 0.8 | P17: =+$P$21*O17 -> 3.24952e+10 | Q17: =+('CEV 2026'!$D$79+'CEV 2026'!#REF!-P17)/('CEV 2026'!$C$85+('CEV 2026'!$C$86*'CEV 2026'!$C$91)+('CEV 2026'!$C$87*'CEV 2026'!$C$92)) -> #REF! | R17: =+(Q17-$Q$21)/$Q$21 -> #REF! | S17: =+Q17*'CEV 2026'!$C$91 -> #REF! | T17: =+Q17*'CEV 2026'!$C$92 -> #REF!
A18: =+A19-5% -> 0.85 | B18: =+$B$21*A18 -> 6.0889157e+10 | C18: =+(B18+'CEV 2026'!#REF!-'CEV 2026'!$D$80)/('CEV 2026'!$C$85+('CEV 2026'!$C$86*'CEV 2026'!$C$91)+('CEV 2026'!$C$87*'CEV 2026'!$C$92)) -> #REF! | D18: =+(C18-$C$21)/$C$21 -> #REF! | E18: =+C18*'CEV 2026'!$C$91 -> #REF! | F18: =+C18*'CEV 2026'!$C$92 -> #REF! | H18: =+H19-5% -> 0.85 | I18: =+$I$21*H18 -> #REF! | J18: =+('CEV 2026'!$D$79+'Análisis Sens'!I18-'CEV 2026'!$D$80)/('CEV 2026'!$C$85+('CEV 2026'!$C$86*'CEV 2026'!$C$91)+('CEV 2026'!$C$87*'CEV 2026'!$C$92)) -> #REF! | K18: =+(J18-$J$21)/$J$21 -> #REF! | L18: =+J18*'CEV 2026'!$C$91 -> #REF! | M18: =+J18*'CEV 2026'!$C$92 -> #REF! | O18: =+O19-5% -> 0.85 | P18: =+$P$21*O18 -> 3.452615e+10 | Q18: =+('CEV 2026'!$D$79+'CEV 2026'!#REF!-P18)/('CEV 2026'!$C$85+('CEV 2026'!$C$86*'CEV 2026'!$C$91)+('CEV 2026'!$C$87*'CEV 2026'!$C$92)) -> #REF! | R18: =+(Q18-$Q$21)/$Q$21 -> #REF! | S18: =+Q18*'CEV 2026'!$C$91 -> #REF! | T18: =+Q18*'CEV 2026'!$C$92 -> #REF!
A19: =+A20-5% -> 0.9 | B19: =+$B$21*A19 -> 6.4470872e+10 | C19: =+(B19+'CEV 2026'!#REF!-'CEV 2026'!$D$80)/('CEV 2026'!$C$85+('CEV 2026'!$C$86*'CEV 2026'!$C$91)+('CEV 2026'!$C$87*'CEV 2026'!$C$92)) -> #REF! | D19: =+(C19-$C$21)/$C$21 -> #REF! | E19: =+C19*'CEV 2026'!$C$91 -> #REF! | F19: =+C19*'CEV 2026'!$C$92 -> #REF! | H19: =+H20-5% -> 0.9 | I19: =+$I$21*H19 -> #REF! | J19: =+('CEV 2026'!$D$79+'Análisis Sens'!I19-'CEV 2026'!$D$80)/('CEV 2026'!$C$85+('CEV 2026'!$C$86*'CEV 2026'!$C$91)+('CEV 2026'!$C$87*'CEV 2026'!$C$92)) -> #REF! | K19: =+(J19-$J$21)/$J$21 -> #REF! | L19: =+J19*'CEV 2026'!$C$91 -> #REF! | M19: =+J19*'CEV 2026'!$C$92 -> #REF! | O19: =+O20-5% -> 0.9 | P19: =+$P$21*O19 -> 36557100000 | Q19: =+('CEV 2026'!$D$79+'CEV 2026'!#REF!-P19)/('CEV 2026'!$C$85+('CEV 2026'!$C$86*'CEV 2026'!$C$91)+('CEV 2026'!$C$87*'CEV 2026'!$C$92)) -> #REF! | R19: =+(Q19-$Q$21)/$Q$21 -> #REF! | S19: =+Q19*'CEV 2026'!$C$91 -> #REF! | T19: =+Q19*'CEV 2026'!$C$92 -> #REF!
A20: =+A21-5% -> 0.95 | B20: =+$B$21*A20 -> 6.8052587e+10 | C20: =+(B20+'CEV 2026'!#REF!-'CEV 2026'!$D$80)/('CEV 2026'!$C$85+('CEV 2026'!$C$86*'CEV 2026'!$C$91)+('CEV 2026'!$C$87*'CEV 2026'!$C$92)) -> #REF! | D20: =+(C20-$C$21)/$C$21 -> #REF! | E20: =+C20*'CEV 2026'!$C$91 -> #REF! | F20: =+C20*'CEV 2026'!$C$92 -> #REF! | H20: =+H21-5% -> 0.95 | I20: =+$I$21*H20 -> #REF! | J20: =+('CEV 2026'!$D$79+'Análisis Sens'!I20-'CEV 2026'!$D$80)/('CEV 2026'!$C$85+('CEV 2026'!$C$86*'CEV 2026'!$C$91)+('CEV 2026'!$C$87*'CEV 2026'!$C$92)) -> #REF! | K20: =+(J20-$J$21)/$J$21 -> #REF! | L20: =+J20*'CEV 2026'!$C$91 -> #REF! | M20: =+J20*'CEV 2026'!$C$92 -> #REF! | O20: =+O21-5% -> 0.95 | P20: =+$P$21*O20 -> 38588050000 | Q20: =+('CEV 2026'!$D$79+'CEV 2026'!#REF!-P20)/('CEV 2026'!$C$85+('CEV 2026'!$C$86*'CEV 2026'!$C$91)+('CEV 2026'!$C$87*'CEV 2026'!$C$92)) -> #REF! | R20: =+(Q20-$Q$21)/$Q$21 -> #REF! | S20: =+Q20*'CEV 2026'!$C$91 -> #REF! | T20: =+Q20*'CEV 2026'!$C$92 -> #REF!
A21: 1 | B21: =+'CEV 2026'!D79 -> 71634302477 | C21: =+(B21+'CEV 2026'!#REF!-'CEV 2026'!$D$80)/('CEV 2026'!$C$85+('CEV 2026'!$C$86*'CEV 2026'!$C$91)+('CEV 2026'!$C$87*'CEV 2026'!$C$92)) -> #REF! | D21: =+(C21-$C$21)/$C$21 -> #REF! | E21: =+C21*'CEV 2026'!$C$91 -> #REF! | F21: =+C21*'CEV 2026'!$C$92 -> #REF! | H21: 1 | I21: =+'CEV 2026'!#REF! -> #REF! | J21: =+('CEV 2026'!$D$79+'Análisis Sens'!I21-'CEV 2026'!$D$80)/('CEV 2026'!$C$85+('CEV 2026'!$C$86*'CEV 2026'!$C$91)+('CEV 2026'!$C$87*'CEV 2026'!$C$92)) -> #REF! | K21: =+(J21-$J$21)/$J$21 -> #REF! | L21: =+J21*'CEV 2026'!$C$91 -> #REF! | M21: =+J21*'CEV 2026'!$C$92 -> #REF! | O21: 1 | P21: =+'CEV 2026'!D80 -> 40619000000 | Q21: =+('CEV 2026'!$D$79+'CEV 2026'!#REF!-P21)/('CEV 2026'!$C$85+('CEV 2026'!$C$86*'CEV 2026'!$C$91)+('CEV 2026'!$C$87*'CEV 2026'!$C$92)) -> #REF! | R21: =+(Q21-$Q$21)/$Q$21 -> #REF! | S21: =+Q21*'CEV 2026'!$C$91 -> #REF! | T21: =+Q21*'CEV 2026'!$C$92 -> #REF!
A22: =+A21+5% -> 1.05 | B22: =+$B$21*A22 -> 7.5216018e+10 | C22: =+(B22+'CEV 2026'!#REF!-'CEV 2026'!$D$80)/('CEV 2026'!$C$85+('CEV 2026'!$C$86*'CEV 2026'!$C$91)+('CEV 2026'!$C$87*'CEV 2026'!$C$92)) -> #REF! | D22: =+(C22-$C$21)/$C$21 -> #REF! | E22: =+C22*'CEV 2026'!$C$91 -> #REF! | F22: =+C22*'CEV 2026'!$C$92 -> #REF! | H22: =+H21+5% -> 1.05 | I22: =+$I$21*H22 -> #REF! | J22: =+('CEV 2026'!$D$79+'Análisis Sens'!I22-'CEV 2026'!$D$80)/('CEV 2026'!$C$85+('CEV 2026'!$C$86*'CEV 2026'!$C$91)+('CEV 2026'!$C$87*'CEV 2026'!$C$92)) -> #REF! | K22: =+(J22-$J$21)/$J$21 -> #REF! | L22: =+J22*'CEV 2026'!$C$91 -> #REF! | M22: =+J22*'CEV 2026'!$C$92 -> #REF! | O22: =+O21+5% -> 1.05 | P22: =+$P$21*O22 -> 42649950000 | Q22: =+('CEV 2026'!$D$79+'CEV 2026'!#REF!-P22)/('CEV 2026'!$C$85+('CEV 2026'!$C$86*'CEV 2026'!$C$91)+('CEV 2026'!$C$87*'CEV 2026'!$C$92)) -> #REF! | R22: =+(Q22-$Q$21)/$Q$21 -> #REF! | S22: =+Q22*'CEV 2026'!$C$91 -> #REF! | T22: =+Q22*'CEV 2026'!$C$92 -> #REF!
A23: =+A22+5% -> 1.1 | B23: =+$B$21*A23 -> 7.8797733e+10 | C23: =+(B23+'CEV 2026'!#REF!-'CEV 2026'!$D$80)/('CEV 2026'!$C$85+('CEV 2026'!$C$86*'CEV 2026'!$C$91)+('CEV 2026'!$C$87*'CEV 2026'!$C$92)) -> #REF! | D23: =+(C23-$C$21)/$C$21 -> #REF! | E23: =+C23*'CEV 2026'!$C$91 -> #REF! | F23: =+C23*'CEV 2026'!$C$92 -> #REF! | H23: =+H22+5% -> 1.1 | I23: =+$I$21*H23 -> #REF! | J23: =+('CEV 2026'!$D$79+'Análisis Sens'!I23-'CEV 2026'!$D$80)/('CEV 2026'!$C$85+('CEV 2026'!$C$86*'CEV 2026'!$C$91)+('CEV 2026'!$C$87*'CEV 2026'!$C$92)) -> #REF! | K23: =+(J23-$J$21)/$J$21 -> #REF! | L23: =+J23*'CEV 2026'!$C$91 -> #REF! | M23: =+J23*'CEV 2026'!$C$92 -> #REF! | O23: =+O22+5% -> 1.1 | P23: =+$P$21*O23 -> 44680900000 | Q23: =+('CEV 2026'!$D$79+'CEV 2026'!#REF!-P23)/('CEV 2026'!$C$85+('CEV 2026'!$C$86*'CEV 2026'!$C$91)+('CEV 2026'!$C$87*'CEV 2026'!$C$92)) -> #REF! | R23: =+(Q23-$Q$21)/$Q$21 -> #REF! | S23: =+Q23*'CEV 2026'!$C$91 -> #REF! | T23: =+Q23*'CEV 2026'!$C$92 -> #REF!
A24: =+A23+5% -> 1.15 | B24: =+$B$21*A24 -> 8.2379448e+10 | C24: =+(B24+'CEV 2026'!#REF!-'CEV 2026'!$D$80)/('CEV 2026'!$C$85+('CEV 2026'!$C$86*'CEV 2026'!$C$91)+('CEV 2026'!$C$87*'CEV 2026'!$C$92)) -> #REF! | D24: =+(C24-$C$21)/$C$21 -> #REF! | E24: =+C24*'CEV 2026'!$C$91 -> #REF! | F24: =+C24*'CEV 2026'!$C$92 -> #REF! | H24: =+H23+5% -> 1.15 | I24: =+$I$21*H24 -> #REF! | J24: =+('CEV 2026'!$D$79+'Análisis Sens'!I24-'CEV 2026'!$D$80)/('CEV 2026'!$C$85+('CEV 2026'!$C$86*'CEV 2026'!$C$91)+('CEV 2026'!$C$87*'CEV 2026'!$C$92)) -> #REF! | K24: =+(J24-$J$21)/$J$21 -> #REF! | L24: =+J24*'CEV 2026'!$C$91 -> #REF! | M24: =+J24*'CEV 2026'!$C$92 -> #REF! | O24: =+O23+5% -> 1.15 | P24: =+$P$21*O24 -> 4.671185e+10 | Q24: =+('CEV 2026'!$D$79+'CEV 2026'!#REF!-P24)/('CEV 2026'!$C$85+('CEV 2026'!$C$86*'CEV 2026'!$C$91)+('CEV 2026'!$C$87*'CEV 2026'!$C$92)) -> #REF! | R24: =+(Q24-$Q$21)/$Q$21 -> #REF! | S24: =+Q24*'CEV 2026'!$C$91 -> #REF! | T24: =+Q24*'CEV 2026'!$C$92 -> #REF!
A25: =+A24+5% -> 1.2 | B25: =+$B$21*A25 -> 8.5961163e+10 | C25: =+(B25+'CEV 2026'!#REF!-'CEV 2026'!$D$80)/('CEV 2026'!$C$85+('CEV 2026'!$C$86*'CEV 2026'!$C$91)+('CEV 2026'!$C$87*'CEV 2026'!$C$92)) -> #REF! | D25: =+(C25-$C$21)/$C$21 -> #REF! | E25: =+C25*'CEV 2026'!$C$91 -> #REF! | F25: =+C25*'CEV 2026'!$C$92 -> #REF! | H25: =+H24+5% -> 1.2 | I25: =+$I$21*H25 -> #REF! | J25: =+('CEV 2026'!$D$79+'Análisis Sens'!I25-'CEV 2026'!$D$80)/('CEV 2026'!$C$85+('CEV 2026'!$C$86*'CEV 2026'!$C$91)+('CEV 2026'!$C$87*'CEV 2026'!$C$92)) -> #REF! | K25: =+(J25-$J$21)/$J$21 -> #REF! | L25: =+J25*'CEV 2026'!$C$91 -> #REF! | M25: =+J25*'CEV 2026'!$C$92 -> #REF! | O25: =+O24+5% -> 1.2 | P25: =+$P$21*O25 -> 4.87428e+10 | Q25: =+('CEV 2026'!$D$79+'CEV 2026'!#REF!-P25)/('CEV 2026'!$C$85+('CEV 2026'!$C$86*'CEV 2026'!$C$91)+('CEV 2026'!$C$87*'CEV 2026'!$C$92)) -> #REF! | R25: =+(Q25-$Q$21)/$Q$21 -> #REF! | S25: =+Q25*'CEV 2026'!$C$91 -> #REF! | T25: =+Q25*'CEV 2026'!$C$92 -> #REF!
A26: =+A25+5% -> 1.25 | B26: =+$B$21*A26 -> 8.9542878e+10 | C26: =+(B26+'CEV 2026'!#REF!-'CEV 2026'!$D$80)/('CEV 2026'!$C$85+('CEV 2026'!$C$86*'CEV 2026'!$C$91)+('CEV 2026'!$C$87*'CEV 2026'!$C$92)) -> #REF! | D26: =+(C26-$C$21)/$C$21 -> #REF! | E26: =+C26*'CEV 2026'!$C$91 -> #REF! | F26: =+C26*'CEV 2026'!$C$92 -> #REF! | H26: =+H25+5% -> 1.25 | I26: =+$I$21*H26 -> #REF! | J26: =+('CEV 2026'!$D$79+'Análisis Sens'!I26-'CEV 2026'!$D$80)/('CEV 2026'!$C$85+('CEV 2026'!$C$86*'CEV 2026'!$C$91)+('CEV 2026'!$C$87*'CEV 2026'!$C$92)) -> #REF! | K26: =+(J26-$J$21)/$J$21 -> #REF! | L26: =+J26*'CEV 2026'!$C$91 -> #REF! | M26: =+J26*'CEV 2026'!$C$92 -> #REF! | O26: =+O25+5% -> 1.25 | P26: =+$P$21*O26 -> 5.077375e+10 | Q26: =+('CEV 2026'!$D$79+'CEV 2026'!#REF!-P26)/('CEV 2026'!$C$85+('CEV 2026'!$C$86*'CEV 2026'!$C$91)+('CEV 2026'!$C$87*'CEV 2026'!$C$92)) -> #REF! | R26: =+(Q26-$Q$21)/$Q$21 -> #REF! | S26: =+Q26*'CEV 2026'!$C$91 -> #REF! | T26: =+Q26*'CEV 2026'!$C$92 -> #REF!
A29: Sensibilidad | B29: Alpha | C29: Beta | D29: Variación del Beta | E29: Tarifa Objetiva | F29: Tarifa subjetiva
A30: =+A31-5% -> 0.75 | B30: =+$B$35*A30 -> 0.18889456 | C30: =+('CEV 2026'!$D$79+'CEV 2026'!#REF!-'CEV 2026'!$D$80)/('CEV 2026'!$C$85+('CEV 2026'!$C$86*(1-B30))+('CEV 2026'!$C$87*'Análisis Sens'!B30)) -> #REF! | D30: =+(C30-$C$35)/$C$35 -> #REF! | E30: =+C30*'CEV 2026'!$C$91 -> #REF! | F30: =+C30*'CEV 2026'!$C$92 -> #REF!
A31: =+A32-5% -> 0.8 | B31: =+$B$35*A31 -> 0.20148753 | C31: =+('CEV 2026'!$D$79+'CEV 2026'!#REF!-'CEV 2026'!$D$80)/('CEV 2026'!$C$85+('CEV 2026'!$C$86*(1-B31))+('CEV 2026'!$C$87*'Análisis Sens'!B31)) -> #REF! | D31: =+(C31-$C$35)/$C$35 -> #REF! | E31: =+C31*'CEV 2026'!$C$91 -> #REF! | F31: =+C31*'CEV 2026'!$C$92 -> #REF!
A32: =+A33-5% -> 0.85 | B32: =+$B$35*A32 -> 0.2140805 | C32: =+('CEV 2026'!$D$79+'CEV 2026'!#REF!-'CEV 2026'!$D$80)/('CEV 2026'!$C$85+('CEV 2026'!$C$86*(1-B32))+('CEV 2026'!$C$87*'Análisis Sens'!B32)) -> #REF! | D32: =+(C32-$C$35)/$C$35 -> #REF! | E32: =+C32*'CEV 2026'!$C$91 -> #REF! | F32: =+C32*'CEV 2026'!$C$92 -> #REF!
A33: =+A34-5% -> 0.9 | B33: =+$B$35*A33 -> 0.22667347 | C33: =+('CEV 2026'!$D$79+'CEV 2026'!#REF!-'CEV 2026'!$D$80)/('CEV 2026'!$C$85+('CEV 2026'!$C$86*(1-B33))+('CEV 2026'!$C$87*'Análisis Sens'!B33)) -> #REF! | D33: =+(C33-$C$35)/$C$35 -> #REF! | E33: =+C33*'CEV 2026'!$C$91 -> #REF! | F33: =+C33*'CEV 2026'!$C$92 -> #REF!
A34: =+A35-5% -> 0.95 | B34: =+$B$35*A34 -> 0.23926644 | C34: =+('CEV 2026'!$D$79+'CEV 2026'!#REF!-'CEV 2026'!$D$80)/('CEV 2026'!$C$85+('CEV 2026'!$C$86*(1-B34))+('CEV 2026'!$C$87*'Análisis Sens'!B34)) -> #REF! | D34: =+(C34-$C$35)/$C$35 -> #REF! | E34: =+C34*'CEV 2026'!$C$91 -> #REF! | F34: =+C34*'CEV 2026'!$C$92 -> #REF!
A35: 1 | B35: =+'CEV 2026'!C92 -> 0.25185941 | C35: =+('CEV 2026'!$D$79+'CEV 2026'!#REF!-'CEV 2026'!$D$80)/('CEV 2026'!$C$85+('CEV 2026'!$C$86*(1-B35))+('CEV 2026'!$C$87*'Análisis Sens'!B35)) -> #REF! | D35: =+(C35-$C$35)/$C$35 -> #REF! | E35: =+C35*'CEV 2026'!$C$91 -> #REF! | F35: =+C35*'CEV 2026'!$C$92 -> #REF!
A36: =+A35+5% -> 1.05 | B36: =+$B$35*A36 -> 0.26445238 | C36: =+('CEV 2026'!$D$79+'CEV 2026'!#REF!-'CEV 2026'!$D$80)/('CEV 2026'!$C$85+('CEV 2026'!$C$86*(1-B36))+('CEV 2026'!$C$87*'Análisis Sens'!B36)) -> #REF! | D36: =+(C36-$C$35)/$C$35 -> #REF! | E36: =+C36*'CEV 2026'!$C$91 -> #REF! | F36: =+C36*'CEV 2026'!$C$92 -> #REF!
A37: =+A36+5% -> 1.1 | B37: =+$B$35*A37 -> 0.27704535 | C37: =+('CEV 2026'!$D$79+'CEV 2026'!#REF!-'CEV 2026'!$D$80)/('CEV 2026'!$C$85+('CEV 2026'!$C$86*(1-B37))+('CEV 2026'!$C$87*'Análisis Sens'!B37)) -> #REF! | D37: =+(C37-$C$35)/$C$35 -> #REF! | E37: =+C37*'CEV 2026'!$C$91 -> #REF! | F37: =+C37*'CEV 2026'!$C$92 -> #REF!
A38: =+A37+5% -> 1.15 | B38: =+$B$35*A38 -> 0.28963832 | C38: =+('CEV 2026'!$D$79+'CEV 2026'!#REF!-'CEV 2026'!$D$80)/('CEV 2026'!$C$85+('CEV 2026'!$C$86*(1-B38))+('CEV 2026'!$C$87*'Análisis Sens'!B38)) -> #REF! | D38: =+(C38-$C$35)/$C$35 -> #REF! | E38: =+C38*'CEV 2026'!$C$91 -> #REF! | F38: =+C38*'CEV 2026'!$C$92 -> #REF!
A39: =+A38+5% -> 1.2 | B39: =+$B$35*A39 -> 0.30223129 | C39: =+('CEV 2026'!$D$79+'CEV 2026'!#REF!-'CEV 2026'!$D$80)/('CEV 2026'!$C$85+('CEV 2026'!$C$86*(1-B39))+('CEV 2026'!$C$87*'Análisis Sens'!B39)) -> #REF! | D39: =+(C39-$C$35)/$C$35 -> #REF! | E39: =+C39*'CEV 2026'!$C$91 -> #REF! | F39: =+C39*'CEV 2026'!$C$92 -> #REF!
A40: =+A39+5% -> 1.25 | B40: =+$B$35*A40 -> 0.31482426 | C40: =+('CEV 2026'!$D$79+'CEV 2026'!#REF!-'CEV 2026'!$D$80)/('CEV 2026'!$C$85+('CEV 2026'!$C$86*(1-B40))+('CEV 2026'!$C$87*'Análisis Sens'!B40)) -> #REF! | D40: =+(C40-$C$35)/$C$35 -> #REF! | E40: =+C40*'CEV 2026'!$C$91 -> #REF! | F40: =+C40*'CEV 2026'!$C$92 -> #REF!
